 Dungeon Crawl Stone Soup version 0.31-a0-180-g519b7de00c (webtiles) character file.

Game seed: 9994017350336550227

296706 qw the Peltast (level 20, -9/135 (136) HPs)
             Began as a Gargoyle Fighter on June 19, 2023.
             Was an Elder of Okawaru.
             Mangled by a tengu warrior
             ... wielding a +2 long sword
              (12 damage)
             ... on level 1 of the Depths.
             The game lasted 00:23:14 (43151 turns).

qw the Peltast (Gargoyle Fighter)                  Turns: 43151, Time: 00:23:14

HP:   -9/135 (136)  AC: 58    Str: 29    XL:     20   Next: 91%
MP:   36/36         EV: 14    Int: 17    God:    Okawaru [****..]
Gold: 76            SH: 31    Dex: 15    Spells: 19/19 levels left

rFire   + + +        i - +9 broad axe of Overwhelming Force {heavy, Dex+6}
rCold   . . .        G - +2 tower shield
rNeg    + . .        x - +7 plate armour of the Kettle-Drum {Int+2}
rPois   inf          B - +2 helmet
rElec   +            v - +2 cloak {rCorr}
rCorr   +            u - +2 pair of gloves
SInv    +            t - +2 pair of boots
Will    .....        m - amulet of reflection Stlth
                     f - ring "Xirelips" {*Slow Fly rF+++ MP+9 Int+3}
HPRegen 0.42/turn    z - ring "Zulealuf" {rPois Will- Str+3 SInv}
MPRegen 0.25/turn

%: slow self (1%), reflection
@: heroic, flying, slowed, lightly drained, very slow
A: sickness immunity, AC +15, big wings, negative energy resistance 1,
electricity resistance, torment resistance 1, petrification resistance
}: 2/15 runes: decaying, serpentine
a: Renounce Religion, Heroism, Finesse


You were on level 1 of the Depths.
You worshipped Okawaru.
Okawaru was greatly pleased with you.
You visited 8 branches of the dungeon, and saw 36 of its levels.
You also visited: Ossuary and Gauntlet.

You collected 3234 gold pieces.
You spent 3158 gold pieces at shops.


Innate Abilities, Weirdness & Mutations

You are immune to sickness and miasma.
Your stone body is resilient. (AC +15)
You are immune to poison.
Your large and strong wings let you fly.
You resist negative energy. (rN+)
You are resistant to electric shocks. (rElec)
You are resistant to unholy torment.
You are immune to petrification.


   Skills:
 - Level 18.0(23.0) Fighting
 - Level 18.0(23.0) Axes
 - Level 8.0(13.0) Throwing
 + Level 17.3(22.3) Armour
 - Level 7.0(12.0) Dodging
 - Level 19.8(24.8) Shields
 - Level 10.0 Invocations


You had 19 spell levels left.
You didn't know any spells.
Your spell library was empty.

Inventory:

Hand Weapons
 h - a +0 broad axe of freezing
 i - the +9 broad axe of Overwhelming Force (weapon) {heavy, Dex+6}
   (Okawaru gifted it to you on level 15 of the Dungeon)

   Dex:       It affects your dexterity (+6).
Missiles
 n - 23 boomerangs (quivered)
 J - 2 javelins
Armour
 e - a +2 plate armour of fire resistance
 t - a +2 pair of boots (worn)
 u - a +2 pair of gloves (worn)
 v - a +2 cloak of preservation (worn)
 x - the +7 plate armour of the Kettle-Drum (worn) {Int+2}
   (You bought it in a shop on level 14 of the Dungeon)

   Int:       It affects your intelligence (+2).
 B - a +2 helmet (worn)
 D - a +2 plate armour of cold resistance
 G - a +2 tower shield (worn)
Jewellery
 f - the ring "Xirelips" (left hand) {*Slow Fly rF+++ MP+9 Int+3}
   (You found it on level 1 of the Vaults)

   [ring of flight]

   Int:       It affects your intelligence (+3).
   rF:        It renders you almost immune to fire.
   MP:        It affects your magic capacity (+9).
   Fly:       It grants you flight.
   *Slow:     It may slow you when you take damage.
 l - the ring of Uzukauxe {*Slow rN+++ rCorr Int+10}
   (You found it on level 2 of the Dungeon)

   [ring of resist corrosion]

   Int:       It affects your intelligence (+10).
   rN:        It renders you almost immune to negative energy.
   rCorr:     It protects you from acid and corrosion.
   *Slow:     It may slow you when you take damage.
 m - an amulet of reflection (around neck)
 s - a ring of ice
 y - a ring of protection from cold
 z - the ring "Zulealuf" (right hand) {rPois Will- Str+3 SInv}
   (You found it in a Gauntlet)

   [ring of see invisible]

   Str:       It affects your strength (+3).
   rPois:     It protects you from poison.
   SInv:      It lets you see invisible.
   Will:      It decreases your willpower.
 A - a ring of fire
 C - a ring of protection from fire
 F - a +6 ring of dexterity
 I - the amulet of Esell {Spirit rC+ rN+ Int+3}
   (You found it on level 4 of the Vaults)

   [amulet of guardian spirit]

   It causes incoming damage to be divided between your reserves of health and
   magic.
   Int:       It affects your intelligence (+3).
   rC:        It protects you from cold.
   rN:        It protects you from negative energy.
 K - a ring of willpower
 Y - the ring "Runarete" {Fly rC- rN+ Will+ SInv}
   (You found it on level 3 of the Lair of Beasts)

   [ring of flight]

   rC:        It makes you vulnerable to cold.
   rN:        It protects you from negative energy.
   SInv:      It lets you see invisible.
   Fly:       It grants you flight.
   Will:      It increases your willpower.
Wands
 w - a wand of digging (14)
Scrolls
 a - 22 scrolls of identify
 b - a scroll of enchant weapon
 q - a scroll of teleportation
Potions
 c - a potion of lignification
 d - 3 potions of might
 g - 14 potions of curing
 j - 3 potions of resistance
 k - 3 potions of haste
 o - 3 potions of attraction
 p - 4 potions of mutation
 r - a potion of enlightenment
 E - 2 potions of heal wounds
 H - 3 potions of cancellation

Dungeon Overview and Level Annotations

Branches:
Dungeon (15/15)            Temple (1/1) D:6            Lair (5/5) D:9
  Swamp (4/4) Lair:2        Snake (4/4) Lair:3        Slime (0/5) Lair:5
    Orc (2/2) D:10            Elf (0/3) Orc:2        Vaults (4/5) D:13
  Crypt (0/3) Vaults:2     Depths (1/4) D:15        Ossuary (visited)
Gauntlet (visited)

Altars:
Ashenzari
Cheibriados
Dithmenos
Elyvilon
Fedhas
Gozag
Hepliaklqana
Kikubaaqudgha
Makhleb
Nemelex Xobeh
Okawaru
Qazlal
Ru
Sif Muna
Trog
Uskayaw
Vehumet
Wu Jian
Xom
Yredelemnul
Zin
The Shining One
Jiyva

Shops:
D:7 [:[   D:9 *   D:12 ?   D:14 [   Orc:2 ((*[=   Snake:4 (*[   Vaults:4 !

Portals:
Abyss: Depths:1

Annotations:
D:3 2 transporters
Lair:1 2 transporters, qw's ghost, novice NaHu
Snake:3 2 transporters, qw's ghost, adept NaHu


Message History

The tengu warrior blocks your attack.
You hear a grinding noise.
The smoke demon gestures at you. The ball of steam hits you. You resist.
You block the tengu warrior's attack. x3
You open the white very ugly thing like a pillowcase!!!
The white very ugly thing is heavily wounded.
You slice the tengu warrior!!
You hear an angry squeal.
You hear a roar!
The deep troll earth mage points next to you and mumbles some strange words.
The wall shatters!
The blast of rock fragments hits you but does no damage.
The tengu warrior is engulfed in a cloud of scalding steam.
You block the tengu warrior's attack. x2
The tengu warrior claws you but does no damage.
You block the white very ugly thing's attack.
The tengu warrior is engulfed in a cloud of scalding steam.
The tengu warrior barely misses you. You block the tengu warrior's attack.
The tengu warrior claws you but does no damage.
A stone giant comes into view.
The deep troll earth mage gestures next to the deep troll earth mage while chanting.
Some rock shatters into small pieces.
You hear a deafening roar!
You hear a horrible gurgling sound! x2
You hit the white very ugly thing.
The white very ugly thing is severely wounded.
You barely miss the tengu warrior. You hit the ice dragon.
The white very ugly thing is engulfed in a cloud of scalding steam.
The white very ugly thing pecks you! The white very ugly thing freezes you!!
You feel as though you will be slow longer.
You block the tengu warrior's attack.
The tengu warrior completely misses you.
You block the tengu warrior's attack.
The ice dragon is engulfed in a cloud of scalding steam.
The ice dragon bites you but does no damage.
You block the ice dragon's attack. The ice dragon barely misses you.
The white very ugly thing is engulfed in a cloud of scalding steam.
The white very ugly thing closely misses you.
The white very ugly thing basks in the mutagenic energy from its kin and changes!
An ice dragon comes into view.
The tengu warrior hits you with a +2 long sword!
You die...

######uC......
##.3uE(3.......D¤¤.¤..~~
##u###uQ..3... .¤.¤.....
>...##3....uE3.¤..¤.....
##..##...\..u.3..........
##.<###+#####u.#3........
##..# #####CTQ.3......
##..# .C.u.TuQD¤¤¤¤...
##..# # #@.:...... .....
#.#.¤.....# ###.#
####'.......## # #.#
............... #.#
.~~~~~.¤..#####
.~~~~~....# ^~~~~~.####
.~###~. .~ #~.


You could see 5 very ugly things, 2 ice dragons, a stone giant, a tengu reaver,
an ettin, a soul eater, a tengu warrior, a sun demon, 2 deep troll earth magi, a
water elemental and 3 smoke demons.

Vanquished Creatures
  Nikola (Swamp:3)
  A tentacled monstrosity (Swamp:4)
  An ancient champion (Vaults:2)
  3 sphinxes
  Donald (Swamp:4)
  A fenstrider witch (Swamp:1)
  A tengu reaver (Vaults:4)
  8 nagarajas (Snake:4)
  A fire giant (D:15)
  10 vault wardens
  Louise (Snake:2)
  18 ironbound preservers
  4 very ugly things
  3 orc warlords
  A war gargoyle (Vaults:4)
  8 ironbound thunderhulks
  5 eleionomae
  A minotaur (Gauntlet)
  5 bunyips
  8 dire elephants
  2 deep elf death magi
  An ettin (Vaults:4)
  2 green deaths (Swamp:4)
  Josephine (D:15)
  4 great orbs of eyes
  Fannar (D:12)
  6 yaktaur captains
  17 vault guards
  2 shambling mangroves
  A salamander tyrant (Snake:3)
  2 spriggan air magi
  3 ghost crabs
  6 ironbound frosthearts
  A merfolk avatar (Lair:5)
  12 hydras
  2 peacekeepers
  2 ogre magi (D:13)
  12 anacondas
  3 two-headed ogres
  Erica (D:8)
  4 boulder beetles
  15 centaur warriors
  8 alligators
  2 catoblepae
  9 death yaks
  5 spriggan berserkers
  16 naga warriors
  13 naga sharpshooters
  9 shock serpents
  A deep elf knight (Orc:1)
  A thrashing horror (Swamp:4)
  A sun demon (Depths:1)
  4 orc high priests
  A salamander mystic (Snake:3)
  11 skeletal warriors
  5 skysharks
  2 goliath frogs
  10 sea snakes
  35 deep trolls
  2 glowing orange brains
  2 deep elf archers (D:13)
  5 swamp dragons (Swamp:4)
  12 ironbound convokers
  8 wizards
  14 orc knights
  Pikel (D:8)
  3 naga ritualists
  7 bog bodies
  5 lindwurms (Vaults:2)
  3 necromancers
  3 harpies (Vaults:3)
  A deep elf pyromancer (Orc:1)
  4 mana vipers
  4 orc sorcerers
  12 salamanders
  3 cyclopes
  23 ugly things
  6 will-o-the-wisps (Swamp:1)
  A moth of wrath (Gauntlet)
  5 manticores
  17 elephants
  15 vault sentinels
  30 black mambas
  10 naga magi
  6 guardian serpents
  7 cane toads
  A smoke demon (Depths:1)
  5 gargoyles
  3 orange demons (Swamp:4)
  21 yaktaurs
  A torpor snail (Lair:5)
  A human zombie (Vaults:1)
  4 kobold demonologists
  5 rime drakes
  An efreet (D:13)
  2 tengu conjurers
  11 komodo dragons
  A polar bear (Lair:4)
  9 meliai
  4 bloated husks
  11 tyrant leeches
  A queen bee (D:12)
  6 trolls
  7 hornets
  24 blink frogs
  A snapping turtle (Lair:5)
  4 dream sheep (Lair:5)
  33 slime creatures
  6 spriggans
  2 shadows (Swamp:4)
  A vampire (D:12)
  4 wyverns
  8 wraiths
  7 basilisks
  A steam dragon (Lair:5)
  18 yaks
  An elf simulacrum (Vaults:1)
  6 vampire mosquitoes (D:13)
  15 swamp worms
  3 wargs
  A glowing shapeshifter zombie (Vaults:1)
  47 nagas
  2 acid dragons
  13 water moccasins
  A sky beast (D:7)
  4 swamp drakes
  23 orc warriors
  2 black bears
  2 boggarts (Vaults:2)
  An ice beast (D:7)
  9 wolves
  6 ogres
  21 centaurs
  A phantom (D:7)
  A lemure (D:8)
  2 gnoll sergeants
  A kobold brigand (D:11)
  13 bullfrogs
  3 scorpions
  20 killer bees
  A vampire bat (D:9)
  2 electric eels
  3 howler monkeys
  9 hounds
  6 jellies
  14 orc priests
  5 gnoll boudas
  An iguana (D:6)
  15 orc wizards
  2 sleepcaps (D:6)
  Natasha (twice) (D:3)
  8 mummies (Ossuary)
  29 gnolls
  7 adders
  4 white imps
  An ufetubus (D:5)
  A worm (D:2)
  3 dart slugs
  64 orcs
  7 ball pythons
  11 bats
  4 endoplasms
  3 giant cockroaches
  17 goblins
  13 hobgoblins
  6 jackals (D:4)
  11 kobolds
  5 quokkas
  4 frilled lizards (D:1)
  A gnoll zombie (Ossuary)
  3 hobgoblin zombies (Ossuary)
  2 kobold zombies (Ossuary)
  2 orc zombies (Ossuary)
  5 rats
1196 creatures vanquished.

Vanquished Creatures (others)
  A bloated husk (Swamp:4)
  A boggart (Vaults:2)
  A howler monkey (D:7)
  12 foxfires (Swamp:1)
15 creatures vanquished.

Grand Total: 1211 creatures vanquished

Notes
Turn   | Place    | Note
-------+----------+-------------------------------------------
     0 | D:1      | qw the Gargoyle Fighter began the quest for the Orb.
     0 | D:1      | Reached XP level 1. HP: 14/14 MP: 1/1
     0 | D:1      | 0 ||| qw: Version: 0.3-a-7-ge0c9b40
     0 | D:1      | 0 ||| qw: Game counter: 921
     0 | D:1      | 0 ||| qw: Always use a shield: true
     0 | D:1      | 0 ||| qw: God list: Okawaru
     0 | D:1      | 0 ||| qw: Allow faded altars: false
     0 | D:1      | 0 ||| qw: Do Orc after D:15 true
     0 | D:1      | 0 ||| qw: Do second Lair branch before Depths: true
     0 | D:1      | 0 ||| qw: Lair rune preference: random
     0 | D:1      | 0 ||| qw: Plans: Normal, Zot:1-4, Slime:5, God:TSO, Crypt,
                  | Tomb, Abyss, Pan, Hells, Win
     0 | D:1      | 0 ||| PLANNING D:1-11
    47 | D:1      | 47 ||| Stepping ~*~*~tactically~*~*~ (stealth).
    49 | D:1      | 49 ||| Stepping ~*~*~tactically~*~*~ (stealth).
   128 | D:1      | Reached XP level 2. HP: 14/19 MP: 2/2
   129 | D:1      | 129 ||| Stepping ~*~*~tactically~*~*~ (stealth).
   134 | D:1      | 134 ||| Stepping ~*~*~tactically~*~*~ (stealth).
   191 | D:1      | 191 ||| Stepping ~*~*~tactically~*~*~ (stealth).
   217 | D:1      | 217 ||| Stepping ~*~*~tactically~*~*~ (stealth).
   359 | D:1      | 359 ||| Stepping ~*~*~tactically~*~*~ (stealth).
   360 | D:1      | 360 ||| Stepping ~*~*~tactically~*~*~ (stealth).
   431 | D:1      | 431 ||| FLEEEEING.
   441 | D:1      | Reached skill level 3 in Axes
   495 | D:1      | Reached XP level 3. HP: 21/23 MP: 3/3
   515 | D:1      | 515 ||| DROPPING +0 club.
  1191 | D:1      | 1191 ||| UPGRADING to +0 chain mail.
  1201 | D:1      | 1201 ||| DROPPING +0 scale mail.
  1202 | D:1      | 1202 ||| READING scroll labelled XUC ANUGHUX.
  1203 | D:1      | 1203 ||| READING scroll labelled LOOC PAOKHAH.
  1204 | D:1      | 1204 ||| READING scroll labelled UXTORCHARGHI.
  1305 | D:1      | 1305 ||| READING scroll labelled LOANTI PIORPHOD.
  1754 | D:2      | Identified the ring of Uzukauxe {*Slow rN+++ rCorr Int+10}
  1884 | D:2      | 1884 ||| DROPPING +2 whip of venom.
  2220 | D:2      | Reached XP level 4. HP: 28/28 MP: 4/4
  2308 | D:2      | 2308 ||| UPGRADING to +0 kite shield.
  2318 | D:2      | 2318 ||| DROPPING +0 buckler.
  2319 | D:2      | 2319 ||| READING 3 scrolls labelled NOQE ITUXA.
  2320 | D:2      | 2320 ||| READING scroll labelled NUAFOE WOILA.
  2321 | D:2      | 2321 ||| READING scroll labelled KUJAUNACAGH.
  2326 | D:2      | 2326 ||| READING scroll labelled IKECVO PIKK.
  2327 | D:2      | 2327 ||| READING scroll labelled ENEGUI ZIDIO.
  2328 | D:2      | 2328 ||| DRINKING 2 purple potions.
  2329 | D:2      | 2329 ||| READING 2 scrolls of identify.
  2329 | D:2      | 2329 ||| IDENTIFYING ruby potion
  2330 | D:2      | 2330 ||| DROPPING potion of ambrosia.
  2398 | D:3      | Found a transporter.
  2400 | D:3      | Found a transporter.
  2409 | D:3      | Identified the +1 mace of the Heavens {vamp, +Blink rPois
                  | rF- rCorr}
  2445 | D:3      | 2445 ||| READING scroll of enchant weapon.
  2445 | D:3      | 2445 ||| ENCHANTING +1 war axe.
  2609 | D:3      | Found a blossoming altar of Fedhas.
  2612 | D:3      | Found an ornate altar of the Wu Jian Council.
  2613 | D:3      | Found a glowing golden altar of the Shining One.
  2613 | D:3      | Found a hazy altar of Hepliaklqana.
  2626 | D:3      | Found a sparkling altar of Nemelex Xobeh.
  2712 | D:3      | Noticed a kobold demonologist
  2777 | D:3      | Noticed Natasha
  2781 | D:3      | Killed Natasha
  2782 | D:3      | Reached skill level 4 in Shields
  2828 | D:3      | Noticed Natasha
  2833 | D:3      | Killed Natasha
  2834 | D:3      | Reached XP level 5. HP: 32/32 MP: 5/5
  3212 | D:3      | 3212 ||| UPGRADING to +0 pair of gloves.
  3217 | D:3      | 3217 ||| UPGRADING to +0 plate armour.
  3227 | D:3      | 3227 ||| DROPPING +0 chain mail.
  3228 | D:3      | 3228 ||| READING scroll labelled HUTTOSE NONUCK.
  3229 | D:3      | 3229 ||| DRINKING 2 fuming red potions.
  3262 | D:4      | 3262 ||| PLANNING OSSUARY
  3271 | D:4      | 3271 ||| STAIRDANCE
  3314 | D:4      | Found a sand-covered staircase.
  3315 | D:4      | 3315 ||| UPGRADING to amulet of the acrobat.
  3335 | Ossuary  | Entered an ossuary
  3371 | Ossuary  | Reached skill level 5 in Shields
  3439 | Ossuary  | Reached XP level 6. HP: 25/37 MP: 6/6
  3639 | Ossuary  | 3639 ||| READING scroll labelled WEUPNU HIRUO.
  3640 | Ossuary  | 3640 ||| READING 3 scrolls of identify.
  3640 | Ossuary  | 3640 ||| IDENTIFYING glowing sapphire potion
  3641 | Ossuary  | 3641 ||| READING 2 scrolls of identify.
  3641 | Ossuary  | 3641 ||| IDENTIFYING fizzy golden potion
  3642 | Ossuary  | 3642 ||| DROPPING potion of degeneration.
  3666 | D:4      | 3666 ||| PLANNING D:1-11
  3803 | D:4      | 3803 ||| Stepping ~*~*~tactically~*~*~ (hiding).
  3809 | D:4      | 3809 ||| Stepping ~*~*~tactically~*~*~ (stealth).
  3816 | D:4      | 3816 ||| Stepping ~*~*~tactically~*~*~ (stealth).
  3820 | D:4      | 3820 ||| Stepping ~*~*~tactically~*~*~ (hiding).
  3822 | D:4      | 3822 ||| Stepping ~*~*~tactically~*~*~ (hiding).
  3856 | D:4      | 3856 ||| DROPPING +0 mace.
  3948 | D:4      | 3948 ||| Stepping ~*~*~tactically~*~*~ (stealth).
  4105 | D:4      | Reached XP level 7. HP: 43/43 MP: 7/7
  4194 | D:4      | 4194 ||| READING scroll of enchant weapon.
  4194 | D:4      | 4194 ||| ENCHANTING +2 war axe of freezing.
  4254 | D:4      | Reached skill level 1 in Throwing
  4342 | D:4      | 4342 ||| DRINKING 3 dark potions.
  4343 | D:4      | 4343 ||| DROPPING 2 potions of brilliance.
  4365 | D:5      | Entered Level 5 of the Dungeon
  4373 | D:5      | 4373 ||| Stepping ~*~*~tactically~*~*~ (hiding).
  4375 | D:5      | 4375 ||| Stepping ~*~*~tactically~*~*~ (hiding).
  4382 | D:5      | 4382 ||| FLEEEEING.
  4383 | D:5      | 4383 ||| FLEEEEING.
  4384 | D:5      | 4384 ||| FLEEEEING.
  4387 | D:5      | 4387 ||| STAIRDANCE
  4830 | D:5      | 4830 ||| Stepping ~*~*~tactically~*~*~ (hiding).
  4832 | D:5      | 4832 ||| Stepping ~*~*~tactically~*~*~ (stealth).
  4839 | D:5      | Reached skill level 6 in Axes
  4842 | D:5      | 4842 ||| Stepping ~*~*~tactically~*~*~ (stealth).
  4843 | D:5      | 4843 ||| Stepping ~*~*~tactically~*~*~ (stealth).
  4849 | D:5      | 4849 ||| Stepping ~*~*~tactically~*~*~ (stealth).
  4851 | D:5      | 4851 ||| Stepping ~*~*~tactically~*~*~ (stealth).
  4851 | D:5      | Found a shadowy altar of Dithmenos.
  4852 | D:5      | 4852 ||| Stepping ~*~*~tactically~*~*~ (stealth).
  4853 | D:5      | 4853 ||| Stepping ~*~*~tactically~*~*~ (stealth).
  4899 | D:5      | 4899 ||| Stepping ~*~*~tactically~*~*~ (stealth).
  4901 | D:5      | 4901 ||| Stepping ~*~*~tactically~*~*~ (stealth).
  4903 | D:5      | 4903 ||| Stepping ~*~*~tactically~*~*~ (stealth).
  4922 | D:5      | Reached skill level 6 in Shields
  4961 | D:5      | 4961 ||| DROPPING +0 flail.
  5005 | D:5      | Reached XP level 8. HP: 42/48 MP: 8/8
  5522 | D:5      | 5522 ||| Stepping ~*~*~tactically~*~*~ (stealth).
  5524 | D:5      | 5524 ||| Stepping ~*~*~tactically~*~*~ (stealth).
  5722 | D:5      | 5722 ||| READING scroll labelled FOFOTI KIEFU.
  5743 | D:6      | Noticed a two-headed ogre
  5753 | D:6      | Killed a two-headed ogre
  5754 | D:6      | Reached XP level 9. HP: 33/59 MP: 9/9
  5795 | D:6      | 5795 ||| FLEEEEING.
  5796 | D:6      | 5796 ||| STAIRDANCE
  5844 | D:6      | 5844 ||| Stepping ~*~*~tactically~*~*~ (hiding).
  5948 | D:6      | Found a staircase to the Ecumenical Temple.
  5949 | D:6      | 5949 ||| PLANNING TEMPLE
  5958 | D:6      | Reached skill level 1 in Dodging
  5980 | Temple   | Entered the Ecumenical Temple
  6031 | Temple   | 6031 ||| PLANNING D:1-11
  6031 | Temple   | 6031 ||| READING scroll labelled QIARHO OQUMOD.
  6118 | D:6      | 6118 ||| Stepping ~*~*~tactically~*~*~ (stealth).
  6138 | D:6      | 6138 ||| Stepping ~*~*~tactically~*~*~ (stealth).
  6140 | D:6      | 6140 ||| Stepping ~*~*~tactically~*~*~ (stealth).
  6142 | D:6      | 6142 ||| Stepping ~*~*~tactically~*~*~ (hiding).
  6735 | D:6      | 6735 ||| Stepping ~*~*~tactically~*~*~ (hiding).
  6739 | D:6      | Reached skill level 7 in Shields
  6964 | D:6      | 6964 ||| READING scroll labelled XEPOATH WUOHO.
  7051 | D:7      | 7051 ||| Stepping ~*~*~tactically~*~*~ (stealth).
  7392 | D:7      | Found Vovviuny's Book Shoppe.
  7428 | D:7      | Found Vicvinaf's Antique Armour Shoppe.
  7437 | D:7      | 7437 ||| BUYING pair of boots (117 gold).
  7437 | D:7      | Bought a pair of boots for 117 gold pieces
  7447 | D:7      | 7447 ||| Stepping ~*~*~tactically~*~*~ (stealth).
  7458 | D:7      | Found Daemme's Antique Armour Shoppe.
  7471 | D:7      | 7471 ||| BUYING pair of runed gloves (202 gold).
  7471 | D:7      | Bought a pair of runed gloves for 202 gold pieces
  7539 | D:7      | 7539 ||| Stepping ~*~*~tactically~*~*~ (hiding).
  7540 | D:7      | 7540 ||| Stepping ~*~*~tactically~*~*~ (hiding).
  7542 | D:7      | 7542 ||| Stepping ~*~*~tactically~*~*~ (hiding).
  7811 | D:7      | 7811 ||| DROPPING +0 pair of gloves of stealth.
  7812 | D:7      | 7812 ||| UPGRADING to +0 pair of boots.
  7817 | D:7      | 7817 ||| UPGRADING to +1 pair of gloves.
  7827 | D:7      | 7827 ||| DROPPING +0 pair of gloves.
  7828 | D:7      | 7828 ||| DRINKING 2 bubbling black potions.
  7829 | D:7      | 7829 ||| DRINKING 2 golden potions.
  7830 | D:7      | 7830 ||| DRINKING 2 black potions.
  7935 | D:7      | 7935 ||| READING 2 scrolls of identify.
  7935 | D:7      | 7935 ||| IDENTIFYING smoky sapphire potion
  7936 | D:7      | 7936 ||| DROPPING potion of berserk rage.
  8006 | D:8      | Found a flagged portal.
  8099 | D:8      | Found an iron altar of Okawaru.
  8100 | D:8      | 8100 ||| PLANNING OKAWARU WORSHIP
  8108 | D:8      | Became a worshipper of Warmaster Okawaru
  8109 | D:8      | 8109 ||| PLANNING D:1-11
  8134 | D:8      | Noticed Pikel
  8135 | D:8      | Noticed Erica
  8136 | D:8      | 8136 ||| Stepping ~*~*~tactically~*~*~ (stealth).
  8137 | D:8      | 8137 ||| Stepping ~*~*~tactically~*~*~ (stealth).
  8146 | D:8      | Killed Pikel
  8147 | D:8      | Reached skill level 6 in Armour
  8147 | D:8      | Reached XP level 10. HP: 64/64 MP: 10/10
  8167 | D:8      | HP: 15/64 [something (3)]
  8174 | D:8      | Killed Erica
  8174 | D:8      | Reached * piety under Okawaru
  8175 | D:8      | Reached skill level 9 in Shields
  8207 | D:8      | 8207 ||| INVOKING Heroism.
  8223 | D:8      | HP: 14/64 [killer bee (6)]
  8224 | D:8      | 8224 ||| DRINKING 6 potions of heal wounds.
  8228 | D:8      | 8228 ||| INVOKING Heroism.
  8239 | D:8      | 8239 ||| INVOKING Heroism.
  8385 | D:8      | Identified the +2 falchion "Puumiuq" {freeze, *Slow rC+
                  | rCorr Stlth+}
  8925 | D:9      | Reached skill level 1 in Invocations
  9053 | D:9      | Found Arylu's Overcharged Wands.
  9061 | D:9      | 9061 ||| SHOPLISTING wand of digging (11) (693 gold, have
                  | 345).
  9186 | D:9      | 9186 ||| INVOKING Heroism.
  9203 | D:9      | 9203 ||| INVOKING Heroism.
  9215 | D:9      | 9215 ||| FLEEEEING.
  9216 | D:9      | 9216 ||| FLEEEEING.
  9217 | D:9      | 9217 ||| FLEEEEING.
  9219 | D:9      | 9219 ||| FLEEEEING.
  9220 | D:9      | 9220 ||| FLEEEEING.
  9221 | D:9      | 9221 ||| FLEEEEING.
  9222 | D:9      | 9222 ||| FLEEEEING.
  9223 | D:9      | 9223 ||| FLEEEEING.
  9224 | D:9      | 9224 ||| FLEEEEING.
  9225 | D:9      | 9225 ||| FLEEEEING.
  9226 | D:9      | 9226 ||| FLEEEEING.
  9227 | D:9      | 9227 ||| FLEEEEING.
  9228 | D:9      | 9228 ||| FLEEEEING.
  9230 | D:9      | 9230 ||| FLEEEEING.
  9231 | D:9      | 9231 ||| FLEEEEING.
  9232 | D:9      | 9232 ||| FLEEEEING.
  9233 | D:9      | 9233 ||| FLEEEEING.
  9234 | D:9      | 9234 ||| FLEEEEING.
  9235 | D:9      | 9235 ||| FLEEEEING.
  9236 | D:9      | 9236 ||| STAIRDANCE
  9356 | D:8      | 9356 ||| DROPPING amulet of guardian spirit.
  9357 | D:8      | 9357 ||| UPGRADING to amulet of reflection.
  9367 | D:8      | 9367 ||| DROPPING amulet of the acrobat.
  9372 | D:9      | 9372 ||| STAIRDANCE
  9474 | D:9      | Reached skill level 3 in Invocations
  9478 | D:9      | Reached skill level 9 in Axes
  9500 | D:9      | Found a staircase to the Lair.
  9690 | D:9      | 9690 ||| Stepping ~*~*~tactically~*~*~ (hiding).
  9807 | D:9      | 9807 ||| INVOKING Heroism.
  9884 | D:9      | 9884 ||| INVOKING Heroism.
  9944 | D:9      | 9944 ||| INVOKING Heroism.
  9970 | D:9      | 9970 ||| INVOKING Heroism.
 10055 | D:9      | 10055 ||| READING scroll labelled IBRENY BEYCS.
 10056 | D:9      | 10056 ||| FLEEEEING.
 10057 | D:9      | 10057 ||| FLEEEEING.
 10058 | D:9      | 10058 ||| FLEEEEING.
 10071 | D:9      | 10071 ||| FLEEEEING.
 10072 | D:9      | 10072 ||| FLEEEEING.
 10073 | D:9      | 10073 ||| FLEEEEING.
 10074 | D:9      | 10074 ||| FLEEEEING.
 10075 | D:9      | 10075 ||| FLEEEEING.
 10076 | D:9      | 10076 ||| FLEEEEING.
 10078 | D:9      | 10078 ||| FLEEEEING.
 10167 | D:9      | 10167 ||| PLANNING LAIR
 10212 | Lair:1   | Entered Level 1 of the Lair of Beasts
 10255 | Lair:1   | 10255 ||| Stepping ~*~*~tactically~*~*~ (stealth).
 10287 | Lair:1   | 10287 ||| Stepping ~*~*~tactically~*~*~ (stealth).
 10379 | Lair:1   | 10379 ||| INVOKING Heroism.
 10383 | Lair:1   | Reached XP level 11. HP: 68/68 MP: 11/14
 10414 | Lair:1   | 10414 ||| Stepping ~*~*~tactically~*~*~ (hiding).
 10460 | Lair:1   | 10460 ||| Stepping ~*~*~tactically~*~*~ (stealth).
 10463 | Lair:1   | 10463 ||| Stepping ~*~*~tactically~*~*~ (stealth).
 10481 | Lair:1   | Noticed qw's ghost (novice NaHu)
 10484 | Lair:1   | Found a transporter.
 10533 | Lair:1   | Found a transporter.
 10559 | Lair:1   | Reached ** piety under Okawaru
 10736 | Lair:1   | Reached skill level 3 in Throwing
 10935 | Lair:1   | 10935 ||| Stepping ~*~*~tactically~*~*~ (stealth).
 10950 | Lair:1   | 10950 ||| INVOKING Heroism.
 11120 | Lair:1   | 11120 ||| DROPPING amulet of magic regeneration.
 11145 | Lair:2   | Noticed a skyshark
 11162 | Lair:2   | 11162 ||| INVOKING Heroism.
 11163 | Lair:2   | Killed a skyshark
 11163 | Lair:2   | Reached *** piety under Okawaru
 11236 | Lair:2   | 11236 ||| READING scroll of enchant weapon.
 11236 | Lair:2   | 11236 ||| ENCHANTING +3 war axe of freezing.
 11354 | Lair:2   | 11354 ||| Stepping ~*~*~tactically~*~*~ (hiding).
 11358 | Lair:2   | 11358 ||| INVOKING Heroism.
 11413 | Lair:2   | 11413 ||| READING scroll of enchant weapon.
 11413 | Lair:2   | 11413 ||| ENCHANTING +4 war axe of freezing.
 11420 | Lair:2   | Noticed a five-headed hydra
 11423 | Lair:2   | 11423 ||| INVOKING Heroism.
 11425 | Lair:2   | 11425 ||| SWAPPING to +0 morningstar.
 11431 | Lair:2   | Killed a five-headed hydra
 11432 | Lair:2   | Reached skill level 10 in Shields
 11432 | Lair:2   | 11432 ||| SWAPPING to +5 war axe of freezing.
 11833 | Lair:2   | 11833 ||| INVOKING Heroism.
 11882 | Lair:2   | 11882 ||| Stepping ~*~*~tactically~*~*~ (hiding).
 11885 | Lair:2   | 11885 ||| INVOKING Heroism.
 11907 | Lair:2   | 11907 ||| INVOKING Heroism.
 11969 | Lair:2   | Found a staircase to the Swamp.
 11969 | Lair:2   | Noticed a bog body
 11972 | Lair:2   | 11972 ||| INVOKING Heroism.
 11975 | Lair:2   | Killed a bog body
 11976 | Lair:2   | Reached skill level 9 in Fighting
 12146 | Lair:2   | 12146 ||| INVOKING Heroism.
 12295 | Lair:2   | 12295 ||| UPGRADING to +6 ring of dexterity.
 12296 | Lair:2   | 12296 ||| READING 3 scrolls of identify.
 12296 | Lair:2   | 12296 ||| IDENTIFYING fizzy inky potion
 12297 | Lair:2   | 12297 ||| DROPPING potion of invisibility.
 12335 | Lair:3   | 12335 ||| INVOKING Heroism.
 12470 | Lair:3   | 12470 ||| INVOKING Heroism.
 12522 | Lair:3   | Found a staircase to the Snake Pit.
 12524 | Lair:3   | 12524 ||| Stepping ~*~*~tactically~*~*~ (stealth).
 12526 | Lair:3   | 12526 ||| Stepping ~*~*~tactically~*~*~ (hiding).
 12533 | Lair:3   | Reached XP level 12. HP: 76/76 MP: 15/15
 12533 | Lair:3   | 12533 ||| Stepping ~*~*~tactically~*~*~ (hiding).
 12534 | Lair:3   | 12534 ||| Stepping ~*~*~tactically~*~*~ (hiding).
 12564 | Lair:3   | 12564 ||| INVOKING Heroism.
 12576 | Lair:3   | 12576 ||| SWAPPING to +0 broad axe.
 12643 | Lair:3   | 12643 ||| DROPPING +5 war axe of freezing.
 12649 | Lair:3   | You fall into a shaft and drop 1 floor!
 12652 | Lair:4   | 12652 ||| INVOKING Heroism.
 12688 | Lair:4   | Reached skill level 12 in Axes
 12688 | Lair:4   | 12688 ||| INVOKING Heroism.
 12695 | Lair:4   | 12695 ||| Stepping ~*~*~tactically~*~*~ (stealth).
 12696 | Lair:4   | 12696 ||| Stepping ~*~*~tactically~*~*~ (stealth).
 12703 | Lair:4   | Reached skill level 3 in Dodging
 12705 | Lair:4   | 12705 ||| Stepping ~*~*~tactically~*~*~ (stealth).
 12708 | Lair:4   | 12708 ||| INVOKING Heroism.
 12763 | Lair:4   | 12763 ||| Stepping ~*~*~tactically~*~*~ (stealth).
 12764 | Lair:4   | 12764 ||| Stepping ~*~*~tactically~*~*~ (stealth).
 12767 | Lair:4   | 12767 ||| Stepping ~*~*~tactically~*~*~ (stealth).
 12777 | Lair:4   | 12777 ||| INVOKING Heroism.
 12788 | Lair:4   | Reached **** piety under Okawaru
 12789 | Lair:4   | Reached skill level 9 in Armour
 12881 | Lair:4   | 12881 ||| Stepping ~*~*~tactically~*~*~ (stealth).
 12882 | Lair:4   | 12882 ||| Stepping ~*~*~tactically~*~*~ (stealth).
 12894 | Lair:4   | 12894 ||| Stepping ~*~*~tactically~*~*~ (stealth).
 12895 | Lair:4   | 12895 ||| Stepping ~*~*~tactically~*~*~ (stealth).
 12896 | Lair:4   | 12896 ||| Stepping ~*~*~tactically~*~*~ (stealth).
 12897 | Lair:4   | 12897 ||| Stepping ~*~*~tactically~*~*~ (stealth).
 12911 | Lair:4   | 12911 ||| INVOKING Heroism.
 13073 | Lair:4   | Reached ***** piety under Okawaru
 13074 | Lair:4   | Reached skill level 6 in Invocations
 13101 | Lair:4   | Noticed a boulder beetle
 13102 | Lair:4   | 13102 ||| INVOKING Heroism.
 13125 | Lair:4   | 13125 ||| INVOKING Heroism.
 13146 | Lair:4   | Killed a boulder beetle
 13174 | Lair:3   | 13174 ||| INVOKING Heroism.
 13290 | Lair:3   | 13290 ||| Stepping ~*~*~tactically~*~*~ (stealth).
 13305 | Lair:3   | 13305 ||| INVOKING Heroism.
 13319 | Lair:3   | Reached XP level 13. HP: 52/82 MP: 16/18
 13431 | Lair:3   | Identified the ring "Runarete" {Fly rC- rN+ Will+ SInv}
 13555 | Lair:3   | 13555 ||| INVOKING Heroism.
 13591 | Lair:3   | 13591 ||| INVOKING Heroism.
 13934 | Lair:3   | 13934 ||| UPGRADING to ring "Runarete" {Fly rC- rN+ Will+
                  | SInv}.
 14165 | Lair:4   | 14165 ||| Stepping ~*~*~tactically~*~*~ (stealth).
 14302 | Lair:4   | 14302 ||| Stepping ~*~*~tactically~*~*~ (stealth).
 14303 | Lair:4   | 14303 ||| Stepping ~*~*~tactically~*~*~ (stealth).
 14305 | Lair:4   | 14305 ||| INVOKING Heroism.
 14327 | Lair:4   | 14327 ||| INVOKING Finesse.
 14674 | Lair:5   | Entered Level 5 of the Lair of Beasts
 14674 | Lair:5   | Found a gate leading to a gauntlet.
 14675 | Lair:5   | 14675 ||| PLANNING GAUNTLET
 14675 | Lair:5   | 14675 ||| INVOKING Heroism.
 14696 | Lair:5   | Reached skill level 9 in Invocations
 14696 | Lair:5   | 14696 ||| INVOKING Finesse.
 14701 | Lair:5   | 14701 ||| SWAPPING to +0 morningstar.
 14709 | Lair:5   | HP: 18/82 [blink frog (4)]
 14710 | Lair:5   | 14710 ||| READING scroll of teleportation.
 14711 | Lair:5   | 14711 ||| DRINKING 5 potions of heal wounds.
 14712 | Lair:5   | Received a gift from Okawaru
 14713 | Lair:5   | Reached skill level 11 in Shields
 14713 | Lair:5   | 14713 ||| SWAPPING to +0 broad axe.
 14720 | Lair:5   | 14720 ||| FLEEEEING.
 14722 | Lair:5   | 14722 ||| FLEEEEING.
 14723 | Lair:5   | 14723 ||| STAIRDANCE
 14860 | Lair:5   | 14860 ||| INVOKING Heroism.
 14867 | Gauntlet | Entered a Gauntlet
 14867 | Gauntlet | Found a transporter.
 14867 | Gauntlet | Found a transporter.
 14877 | Gauntlet | Found a transporter.
 14892 | Gauntlet | Found a transporter.
 14906 | Gauntlet | Found a transporter.
 14919 | Gauntlet | Found a transporter.
 14935 | Gauntlet | Found a transporter.
 15005 | Gauntlet | Found a transporter.
 15017 | Gauntlet | Found a transporter.
 15035 | Gauntlet | Found a transporter.
 15046 | Gauntlet | Found a transporter.
 15049 | Gauntlet | Noticed a quicksilver ooze
 15062 | Gauntlet | Found a transporter.
 15135 | Gauntlet | Found a transporter.
 15139 | Gauntlet | Found a transporter.
 15150 | Gauntlet | Found a transporter.
 15160 | Gauntlet | Found a transporter.
 15215 | Gauntlet | 15215 ||| INVOKING Heroism.
 15406 | Gauntlet | 15406 ||| INVOKING Heroism.
 15413 | Gauntlet | HP: 18/82 [ghost crab (3)]
 15414 | Gauntlet | 15414 ||| DRINKING 4 potions of heal wounds.
 15421 | Gauntlet | HP: 19/82 [spectral boggart[a ghost crab] (2)]
 15422 | Gauntlet | 15422 ||| DRINKING 3 potions of heal wounds.
 15426 | Gauntlet | 15426 ||| SWAPPING to +0 morningstar.
 15428 | Gauntlet | 15428 ||| Stepping ~*~*~tactically~*~*~ (cloud).
 15429 | Gauntlet | 15429 ||| SWAPPING to +0 broad axe.
 15563 | Gauntlet | Identified the ring "Zulealuf" {rPois Will- Str+3 SInv}
 15569 | Gauntlet | 15569 ||| READING scroll of brand weapon.
 15569 | Gauntlet | 15569 ||| BRANDING +0 broad axe.
 15570 | Gauntlet | 15570 ||| UPGRADING to ring "Zulealuf" {rPois Will- Str+3
                  | SInv}.
 15613 | Gauntlet | Identified the +6 orcbow of Pots {drain, rElec SInv}
 15613 | Gauntlet | Identified the +5 scale mail of the Pit {Str+3 Int+3}
 15613 | Gauntlet | Noticed a minotaur
 15614 | Gauntlet | 15614 ||| Stepping ~*~*~tactically~*~*~ (hiding).
 15618 | Gauntlet | 15618 ||| INVOKING Heroism.
 15619 | Gauntlet | 15619 ||| INVOKING Finesse.
 15629 | Gauntlet | Killed a minotaur
 15711 | Gauntlet | 15711 ||| UPGRADING to +0 helmet.
 15716 | Gauntlet | 15716 ||| READING scroll labelled POVURAO EBROGA.
 15732 | Lair:5   | 15732 ||| PLANNING LAIR
 15805 | Lair:5   | 15805 ||| INVOKING Heroism.
 15860 | Lair:5   | 15860 ||| INVOKING Heroism.
 15861 | Lair:5   | 15861 ||| Stepping ~*~*~tactically~*~*~ (hiding).
 15879 | Lair:5   | Received a gift from Okawaru
 15935 | Lair:5   | 15935 ||| Stepping ~*~*~tactically~*~*~ (water).
 15975 | Lair:5   | 15975 ||| INVOKING Heroism.
 16061 | Lair:5   | 16061 ||| INVOKING Heroism.
 16062 | Lair:5   | 16062 ||| SWAPPING to +0 morningstar.
 16071 | Lair:5   | 16071 ||| SWAPPING to +0 broad axe of freezing.
 16093 | Lair:5   | 16093 ||| Stepping ~*~*~tactically~*~*~ (stealth).
 16110 | Lair:5   | 16110 ||| Stepping ~*~*~tactically~*~*~ (stealth).
 16127 | Lair:5   | 16127 ||| Stepping ~*~*~tactically~*~*~ (stealth).
 16160 | Lair:5   | 16160 ||| INVOKING Heroism.
 16179 | Lair:5   | Gained mutation: Your large and strong wings let you fly.
                  | [Gargoyle growth]
 16179 | Lair:5   | Reached XP level 14. HP: 63/88 MP: 21/21
 16236 | Lair:5   | 16236 ||| Stepping ~*~*~tactically~*~*~ (stealth).
 16238 | Lair:5   | 16238 ||| Stepping ~*~*~tactically~*~*~ (stealth).
 16239 | Lair:5   | 16239 ||| Stepping ~*~*~tactically~*~*~ (stealth).
 16240 | Lair:5   | 16240 ||| Stepping ~*~*~tactically~*~*~ (stealth).
 16241 | Lair:5   | 16241 ||| Stepping ~*~*~tactically~*~*~ (stealth).
 16242 | Lair:5   | 16242 ||| Stepping ~*~*~tactically~*~*~ (stealth).
 16270 | Lair:5   | 16270 ||| Stepping ~*~*~tactically~*~*~ (stealth).
 16413 | Lair:5   | 16413 ||| INVOKING Heroism.
 16414 | Lair:5   | 16414 ||| INVOKING Finesse.
 16544 | Lair:5   | Received a gift from Okawaru
 16664 | Lair:5   | 16664 ||| INVOKING Heroism.
 16665 | Lair:5   | 16665 ||| INVOKING Finesse.
 16718 | Lair:5   | Identified the +1 falchion "Gecinibe" {flame, Fragile
                  | Str+6}
 16771 | Lair:5   | 16771 ||| FLEEEEING.
 16772 | Lair:5   | 16772 ||| FLEEEEING.
 16773 | Lair:5   | 16773 ||| FLEEEEING.
 16774 | Lair:5   | 16774 ||| FLEEEEING.
 16775 | Lair:5   | 16775 ||| FLEEEEING.
 16776 | Lair:5   | 16776 ||| FLEEEEING.
 16777 | Lair:5   | 16777 ||| FLEEEEING.
 16778 | Lair:5   | 16778 ||| FLEEEEING.
 16779 | Lair:5   | 16779 ||| FLEEEEING.
 16780 | Lair:5   | 16780 ||| FLEEEEING.
 16781 | Lair:5   | 16781 ||| FLEEEEING.
 16782 | Lair:5   | 16782 ||| FLEEEEING.
 16784 | Lair:5   | 16784 ||| FLEEEEING.
 16785 | Lair:5   | 16785 ||| FLEEEEING.
 16786 | Lair:5   | 16786 ||| FLEEEEING.
 16787 | Lair:5   | 16787 ||| FLEEEEING.
 16788 | Lair:5   | 16788 ||| FLEEEEING.
 16789 | Lair:5   | 16789 ||| FLEEEEING.
 16791 | Lair:5   | 16791 ||| FLEEEEING.
 16792 | Lair:5   | 16792 ||| FLEEEEING.
 16793 | Lair:5   | 16793 ||| FLEEEEING.
 16794 | Lair:5   | 16794 ||| FLEEEEING.
 16795 | Lair:5   | 16795 ||| FLEEEEING.
 16854 | Lair:5   | 16854 ||| INVOKING Heroism.
 16855 | Lair:5   | 16855 ||| INVOKING Finesse.
 16860 | Lair:5   | 16860 ||| SWAPPING to +0 morningstar.
 16864 | Lair:5   | 16864 ||| SWAPPING to +0 broad axe of freezing.
 16956 | Lair:5   | Reached skill level 12 in Shields
 16964 | Lair:5   | Found a white marble altar of Elyvilon.
 17024 | Lair:5   | Found a viscous altar of Jiyva.
 17034 | Lair:5   | Found a staircase to the Slime Pits.
 17143 | Lair:5   | 17143 ||| PLANNING D:1-11
 17143 | Lair:5   | 17143 ||| UPGRADING to +2 helmet.
 17153 | Lair:5   | 17153 ||| DROPPING +0 helmet.
 17154 | Lair:5   | 17154 ||| DROPPING amulet of regeneration.
 17155 | Lair:5   | 17155 ||| UPGRADING to ring of protection from cold.
 17281 | D:10     | Entered Level 10 of the Dungeon
 17379 | D:10     | 17379 ||| FLEEEEING.
 17380 | D:10     | 17380 ||| FLEEEEING.
 17525 | D:10     | 17525 ||| Stepping ~*~*~tactically~*~*~ (hiding).
 17526 | D:10     | 17526 ||| Stepping ~*~*~tactically~*~*~ (hiding).
 17527 | D:10     | 17527 ||| Stepping ~*~*~tactically~*~*~ (hiding).
 17544 | D:10     | Found a staircase to the Orcish Mines.
 17616 | D:10     | 17616 ||| Stepping ~*~*~tactically~*~*~ (hiding).
 18031 | D:11     | 18031 ||| DRINKING 10 potions of curing.
 18031 | D:11     | 18031 ||| (to cure confusion)
 18034 | D:11     | 18034 ||| DRINKING 9 potions of curing.
 18034 | D:11     | 18034 ||| (to cure confusion)
 18210 | D:11     | 18210 ||| Stepping ~*~*~tactically~*~*~ (hiding).
 18213 | D:11     | 18213 ||| Stepping ~*~*~tactically~*~*~ (hiding).
 18215 | D:11     | 18215 ||| INVOKING Heroism.
 18416 | D:11     | 18416 ||| PLANNING D
 18450 | D:12     | Found Lacaonla's Magic Scroll Shoppe.
 18454 | D:12     | 18454 ||| BUYING scroll of identify (24 gold).
 18454 | D:12     | Bought a scroll of identify for 24 gold pieces
 18456 | D:12     | 18456 ||| Stepping ~*~*~tactically~*~*~ (stealth).
 18488 | D:12     | 18488 ||| INVOKING Heroism.
 18517 | D:12     | 18517 ||| Stepping ~*~*~tactically~*~*~ (stealth).
 18543 | D:12     | 18543 ||| INVOKING Heroism.
 18661 | D:12     | 18661 ||| Stepping ~*~*~tactically~*~*~ (stealth).
 18703 | D:12     | Identified the +1 leather armour "Lishis" {Str+8 Dex+2
                  | Stlth-}
 18755 | D:12     | 18755 ||| Stepping ~*~*~tactically~*~*~ (hiding).
 18760 | D:12     | 18760 ||| Stepping ~*~*~tactically~*~*~ (hiding).
 18824 | D:12     | 18824 ||| INVOKING Heroism.
 19151 | D:12     | 19151 ||| INVOKING Heroism.
 19164 | D:12     | Reached skill level 15 in Axes
 19312 | D:12     | Noticed Fannar
 19351 | D:12     | 19351 ||| INVOKING Heroism.
 19360 | D:12     | Killed Fannar
 19640 | D:13     | Identified the +1 helmet of the Jumping Portals {Int+4
                  | Dex-3}
 19679 | D:13     | 19679 ||| INVOKING Heroism.
 19683 | D:13     | 19683 ||| SWAPPING to +0 morningstar.
 19687 | D:13     | 19687 ||| SWAPPING to +0 broad axe of freezing.
 19810 | D:13     | 19810 ||| FLEEEEING.
 19811 | D:13     | 19811 ||| FLEEEEING.
 19851 | D:13     | 19851 ||| Stepping ~*~*~tactically~*~*~ (hiding).
 19886 | D:13     | 19886 ||| FLEEEEING.
 19887 | D:13     | 19887 ||| FLEEEEING.
 19888 | D:13     | 19888 ||| FLEEEEING.
 19889 | D:13     | 19889 ||| FLEEEEING.
 19940 | D:13     | 19940 ||| Stepping ~*~*~tactically~*~*~ (hiding).
 19943 | D:13     | 19943 ||| INVOKING Heroism.
 19957 | D:13     | Reached XP level 15. HP: 74/95 MP: 22/22
 20015 | D:13     | 20015 ||| Stepping ~*~*~tactically~*~*~ (hiding).
 20018 | D:13     | 20018 ||| Stepping ~*~*~tactically~*~*~ (hiding).
 20020 | D:13     | 20020 ||| INVOKING Heroism.
 20048 | D:13     | Found a gate to the Vaults.
 20183 | D:13     | Reached skill level 12 in Fighting
 20234 | D:13     | 20234 ||| Stepping ~*~*~tactically~*~*~ (hiding).
 20236 | D:13     | 20236 ||| Stepping ~*~*~tactically~*~*~ (hiding).
 20244 | D:13     | 20244 ||| INVOKING Heroism.
 20285 | D:13     | Received a gift from Okawaru
 20485 | D:13     | 20485 ||| INVOKING Heroism.
 20495 | D:13     | HP: 22/96 [meliai/+0 broad axe (3)]
 20496 | D:13     | 20496 ||| READING 2 scrolls of teleportation.
 20497 | D:13     | 20497 ||| DRINKING 3 potions of heal wounds.
 20724 | D:13     | 20724 ||| INVOKING Heroism.
 20732 | D:13     | HP: 23/96 [meliai/divine providence (11)]
 20733 | D:13     | 20733 ||| READING scroll of teleportation.
 20734 | D:13     | 20734 ||| DRINKING 2 potions of heal wounds.
 20966 | D:13     | 20966 ||| DROPPING +1 helmet of the Jumping Portals {Int+4
                  | Dex-3}.
 20967 | D:13     | 20967 ||| DROPPING +2 hat.
 20968 | D:13     | 20968 ||| READING 11 scrolls of identify.
 20968 | D:13     | 20968 ||| IDENTIFYING fizzy silvery potion
 21219 | D:14     | 21219 ||| Stepping ~*~*~tactically~*~*~ (hiding).
 21220 | D:14     | 21220 ||| Stepping ~*~*~tactically~*~*~ (hiding).
 21412 | D:14     | 21412 ||| INVOKING Heroism.
 21527 | D:14     | 21527 ||| Stepping ~*~*~tactically~*~*~ (hiding).
 21665 | D:14     | 21665 ||| Stepping ~*~*~tactically~*~*~ (stealth).
 21669 | D:14     | 21669 ||| Stepping ~*~*~tactically~*~*~ (stealth).
 21738 | D:14     | Found Geor's Antique Armour Shoppe.
 21746 | D:14     | 21746 ||| BUYING spiked plate armour (756 gold).
 21746 | D:14     | Bought a spiked plate armour for 756 gold pieces
 21746 | D:14     | Identified the +7 plate armour of the Kettle-Drum {Int+2}
                  | (You bought it in a shop on level 14 of the Dungeon)
 21784 | D:14     | 21784 ||| Stepping ~*~*~tactically~*~*~ (hiding).
 21887 | D:14     | 21887 ||| INVOKING Heroism.
 22103 | D:14     | 22103 ||| UPGRADING to +7 plate armour of the Kettle-Drum
                  | {Int+2}.
 22113 | D:14     | 22113 ||| DROPPING +0 plate armour.
 22146 | D:15     | Entered Level 15 of the Dungeon
 22172 | D:15     | Identified the +9 broad axe of Overwhelming Force {heavy,
                  | Dex+6} (Okawaru gifted it to you on level 15 of the
                  | Dungeon)
 22172 | D:15     | Received a gift from Okawaru
 22197 | D:15     | 22197 ||| SWAPPING to +9 broad axe of Overwhelming Force
                  | {heavy, Dex+6}.
 22213 | D:15     | 22213 ||| Stepping ~*~*~tactically~*~*~ (hiding).
 22319 | D:15     | 22319 ||| Stepping ~*~*~tactically~*~*~ (stealth).
 22322 | D:15     | 22322 ||| Stepping ~*~*~tactically~*~*~ (stealth).
 22478 | D:15     | 22478 ||| Stepping ~*~*~tactically~*~*~ (stealth).
 22479 | D:15     | Noticed Josephine
 22480 | D:15     | 22480 ||| Stepping ~*~*~tactically~*~*~ (hiding).
 22489 | D:15     | Killed Josephine
 22675 | D:15     | 22675 ||| READING scroll of enchant armour.
 22675 | D:15     | 22675 ||| ENCHANTING +1 pair of gloves.
 22818 | D:15     | Reached skill level 13 in Shields
 22906 | D:15     | Found a staircase to the Depths.
 22906 | D:15     | Noticed a fire giant
 22907 | D:15     | 22907 ||| INVOKING Heroism.
 22908 | D:15     | 22908 ||| INVOKING Finesse.
 22916 | D:15     | Killed a fire giant
 23489 | D:15     | 23489 ||| PLANNING ORC
 23628 | Orc:1    | Entered Level 1 of the Orcish Mines
 23647 | Orc:1    | 23647 ||| Stepping ~*~*~tactically~*~*~ (hiding).
 23651 | Orc:1    | 23651 ||| Stepping ~*~*~tactically~*~*~ (hiding).
 23959 | Orc:1    | Noticed an orc warlord
 23960 | Orc:1    | 23960 ||| INVOKING Heroism.
 23961 | Orc:1    | 23961 ||| INVOKING Finesse.
 23965 | Orc:1    | Killed an orc warlord
 23978 | Orc:1    | Reached skill level 12 in Armour
 23981 | Orc:1    | HP: 17/96 [orc warrior/+0 trident (14)]
 23982 | Orc:1    | 23982 ||| READING scroll of teleportation.
 23983 | Orc:1    | 23983 ||| DRINKING potion of heal wounds.
 23986 | Orc:1    | 23986 ||| FLEEEEING.
 23989 | Orc:1    | 23989 ||| FLEEEEING.
 23990 | Orc:1    | 23990 ||| FLEEEEING.
 23991 | Orc:1    | 23991 ||| FLEEEEING.
 23992 | Orc:1    | 23992 ||| FLEEEEING.
 23993 | Orc:1    | 23993 ||| FLEEEEING.
 23994 | Orc:1    | 23994 ||| FLEEEEING.
 23995 | Orc:1    | 23995 ||| STAIRDANCE
 24189 | Orc:1    | Identified the +0 scimitar of Meager Guilt {vamp, *Corrode
                  | rF- rN+++ Int+5}
 24337 | Orc:2    | Entered Level 2 of the Orcish Mines
 24339 | Orc:2    | 24339 ||| Stepping ~*~*~tactically~*~*~ (stealth).
 24429 | Orc:2    | Found a staircase to the Elven Halls.
 24624 | Orc:2    | 24624 ||| Stepping ~*~*~tactically~*~*~ (stealth).
 24632 | Orc:2    | 24632 ||| DRINKING 9 potions of curing.
 24632 | Orc:2    | 24632 ||| (to cure confusion)
 24635 | Orc:2    | Found Ibor's Weapon Boutique.
 24662 | Orc:2    | 24662 ||| Stepping ~*~*~tactically~*~*~ (stealth).
 24675 | Orc:2    | 24675 ||| INVOKING Heroism.
 24680 | Orc:2    | Received a gift from Okawaru
 24705 | Orc:2    | 24705 ||| Stepping ~*~*~tactically~*~*~ (stealth).
 24717 | Orc:2    | 24717 ||| Stepping ~*~*~tactically~*~*~ (stealth).
 24725 | Orc:2    | 24725 ||| INVOKING Heroism.
 24745 | Orc:2    | Reached XP level 16. HP: 60/101 MP: 23/23
 24748 | Orc:2    | 24748 ||| Stepping ~*~*~tactically~*~*~ (hiding).
 24750 | Orc:2    | 24750 ||| Stepping ~*~*~tactically~*~*~ (hiding).
 24751 | Orc:2    | 24751 ||| Stepping ~*~*~tactically~*~*~ (hiding).
 24753 | Orc:2    | 24753 ||| Stepping ~*~*~tactically~*~*~ (hiding).
 24754 | Orc:2    | 24754 ||| Stepping ~*~*~tactically~*~*~ (hiding).
 24767 | Orc:2    | 24767 ||| INVOKING Heroism.
 24767 | Orc:2    | HP: 24/101 [orc sorcerer/bolt of fire (24)]
 24865 | Orc:2    | 24865 ||| Stepping ~*~*~tactically~*~*~ (stealth).
 24865 | Orc:2    | Found Qoazuann's Antique Weapon Shop.
 24865 | Orc:2    | Found Larchiq's Jewellery Shoppe.
 24873 | Orc:2    | 24873 ||| Stepping ~*~*~tactically~*~*~ (stealth).
 24874 | Orc:2    | 24874 ||| INVOKING Heroism.
 25028 | Orc:2    | Found Ganih's Armour Shoppe.
 25028 | Orc:2    | Found Cunwat's General Store.
 25034 | Orc:2    | 25034 ||| BUYING ring of fire (350 gold).
 25034 | Orc:2    | Bought a ring of fire for 350 gold pieces
 25034 | Orc:2    | 25034 ||| BUYING ring of protection from fire (350 gold).
 25034 | Orc:2    | Bought a ring of protection from fire for 350 gold pieces
 25034 | Orc:2    | 25034 ||| SHOPLISTING ring of protection from fire (350
                  | gold, have 89).
 25034 | Orc:2    | 25034 ||| SHOPLISTING ring of the Peasants {*Corrode Fly
                  | Str+7} (470 gold, have 89).
 25038 | Orc:2    | 25038 ||| BUYING potion of curing (39 gold).
 25038 | Orc:2    | Bought a potion of curing for 39 gold pieces
 25038 | Orc:2    | 25038 ||| SHOPLISTING potion of might (52 gold, have 50).
 25038 | Orc:2    | 25038 ||| SHOPLISTING potion of mutation (104 gold, have
                  | 50).
 25038 | Orc:2    | 25038 ||| SHOPLISTING ring of willpower (325 gold, have
                  | 50).
 25038 | Orc:2    | 25038 ||| SHOPLISTING scroll of enchant armour (97 gold,
                  | have 50).
 25059 | Orc:2    | 25059 ||| DRINKING 9 potions of curing.
 25059 | Orc:2    | 25059 ||| (to cure confusion)
 25462 | Orc:2    | 25462 ||| PLANNING SNAKE:1-3
 25628 | Snake:1  | Entered Level 1 of the Snake Pit
 25653 | Snake:1  | 25653 ||| Stepping ~*~*~tactically~*~*~ (stealth).
 25717 | Snake:1  | 25717 ||| Stepping ~*~*~tactically~*~*~ (hiding).
 25799 | Snake:1  | 25799 ||| Stepping ~*~*~tactically~*~*~ (hiding).
 25805 | Snake:1  | 25805 ||| Stepping ~*~*~tactically~*~*~ (hiding).
 25806 | Snake:1  | 25806 ||| Stepping ~*~*~tactically~*~*~ (hiding).
 25807 | Snake:1  | 25807 ||| Stepping ~*~*~tactically~*~*~ (hiding).
 25808 | Snake:1  | 25808 ||| Stepping ~*~*~tactically~*~*~ (hiding).
 25809 | Snake:1  | 25809 ||| Stepping ~*~*~tactically~*~*~ (hiding).
 25810 | Snake:1  | 25810 ||| Stepping ~*~*~tactically~*~*~ (hiding).
 25811 | Snake:1  | 25811 ||| INVOKING Heroism.
 25813 | Snake:1  | 25813 ||| Stepping ~*~*~tactically~*~*~ (hiding).
 25817 | Snake:1  | 25817 ||| Stepping ~*~*~tactically~*~*~ (hiding).
 26021 | Snake:1  | 26021 ||| Stepping ~*~*~tactically~*~*~ (hiding).
 26049 | Snake:1  | Received a gift from Okawaru
 26265 | Snake:1  | 26265 ||| Stepping ~*~*~tactically~*~*~ (hiding).
 26266 | Snake:1  | 26266 ||| Stepping ~*~*~tactically~*~*~ (hiding).
 26293 | Snake:1  | 26293 ||| Stepping ~*~*~tactically~*~*~ (hiding).
 26297 | Snake:1  | 26297 ||| Stepping ~*~*~tactically~*~*~ (hiding).
 26299 | Snake:1  | 26299 ||| Stepping ~*~*~tactically~*~*~ (hiding).
 26316 | Snake:1  | 26316 ||| Stepping ~*~*~tactically~*~*~ (stealth).
 26320 | Snake:1  | 26320 ||| Stepping ~*~*~tactically~*~*~ (hiding).
 26611 | Snake:1  | 26611 ||| DROPPING +1 plate armour of fire resistance.
 26612 | Snake:1  | 26612 ||| READING scroll labelled XOMU FUWNEXZESHICK.
 26719 | Snake:2  | 26719 ||| Stepping ~*~*~tactically~*~*~ (hiding).
 26790 | Snake:2  | 26790 ||| Stepping ~*~*~tactically~*~*~ (hiding).
 26911 | Snake:2  | Identified the +5 scale mail of Experimentation {SInv}
                  | (Okawaru gifted it to you on level 2 of the Snake Pit)
 26911 | Snake:2  | Received a gift from Okawaru
 26944 | Snake:2  | 26944 ||| Stepping ~*~*~tactically~*~*~ (hiding).
 26952 | Snake:2  | Noticed Louise
 26953 | Snake:2  | 26953 ||| FLEEEEING.
 26954 | Snake:2  | 26954 ||| FLEEEEING.
 27051 | Snake:2  | 27051 ||| INVOKING Heroism.
 27052 | Snake:2  | 27052 ||| INVOKING Finesse.
 27063 | Snake:2  | Killed Louise
 27172 | Snake:2  | 27172 ||| Stepping ~*~*~tactically~*~*~ (hiding).
 27174 | Snake:2  | 27174 ||| Stepping ~*~*~tactically~*~*~ (hiding).
 27459 | Snake:2  | 27459 ||| READING scroll of enchant armour.
 27459 | Snake:2  | 27459 ||| ENCHANTING +0 pair of boots.
 27489 | Snake:2  | 27489 ||| UPGRADING to +2 tower shield.
 27499 | Snake:2  | 27499 ||| DROPPING +0 kite shield.
 27500 | Snake:2  | 27500 ||| READING 17 scrolls of identify.
 27500 | Snake:2  | 27500 ||| IDENTIFYING red potion
 27563 | Snake:3  | 27563 ||| INVOKING Heroism.
 27568 | Snake:3  | HP: 18/104 [salamander/+0 trident (9)]
 27569 | Snake:3  | 27569 ||| DRINKING potion of heal wounds.
 27579 | Snake:3  | 27579 ||| FLEEEEING.
 27580 | Snake:3  | 27580 ||| Stepping ~*~*~tactically~*~*~ (hiding).
 27833 | Snake:3  | 27833 ||| Stepping ~*~*~tactically~*~*~ (stealth).
 27845 | Snake:3  | 27845 ||| Stepping ~*~*~tactically~*~*~ (hiding).
 27859 | Snake:3  | Reached skill level 14 in Shields
 27864 | Snake:3  | 27864 ||| Stepping ~*~*~tactically~*~*~ (stealth).
 27935 | Snake:3  | 27935 ||| Stepping ~*~*~tactically~*~*~ (stealth).
 27936 | Snake:3  | Noticed a nagaraja
 27962 | Snake:3  | 27962 ||| Stepping ~*~*~tactically~*~*~ (stealth).
 27981 | Snake:3  | 27981 ||| INVOKING Heroism.
 27998 | Snake:3  | 27998 ||| Stepping ~*~*~tactically~*~*~ (stealth).
 28026 | Snake:3  | 28026 ||| READING scroll of enchant armour.
 28026 | Snake:3  | 28026 ||| ENCHANTING +1 pair of boots.
 28054 | Snake:3  | 28054 ||| Stepping ~*~*~tactically~*~*~ (stealth).
 28125 | Snake:3  | 28125 ||| Stepping ~*~*~tactically~*~*~ (hiding).
 28139 | Snake:3  | Reached skill level 15 in Shields
 28233 | Snake:3  | Noticed a tentacled starspawn
 28249 | Snake:3  | Found the +2 hood of the Assassin {Detect Stab+ Stlth++}
 28261 | Snake:3  | 28261 ||| Stepping ~*~*~tactically~*~*~ (hiding).
 28263 | Snake:3  | 28263 ||| Stepping ~*~*~tactically~*~*~ (hiding).
 28269 | Snake:3  | 28269 ||| INVOKING Heroism.
 28290 | Snake:3  | Reached XP level 17. HP: 64/108 MP: 24/24
 28415 | Snake:3  | 28415 ||| DROPPING +1 mace of the Heavens {vamp, +Blink
                  | rPois rF- rCorr}.
 28416 | Snake:3  | 28416 ||| DROPPING +0 morningstar.
 28425 | Snake:3  | 28425 ||| INVOKING Heroism.
 28428 | Snake:3  | 28428 ||| Stepping ~*~*~tactically~*~*~ (hiding).
 28603 | Snake:3  | Found a transporter.
 28612 | Snake:3  | Noticed a tentacled starspawn
 28657 | Snake:3  | Found a transporter.
 28667 | Snake:3  | Noticed qw's ghost (adept NaHu)
 28814 | Snake:3  | 28814 ||| PLANNING SWAMP:1-3
 28931 | Swamp:1  | Entered Level 1 of the Swamp
 28934 | Swamp:1  | 28934 ||| Stepping ~*~*~tactically~*~*~ (stealth).
 28936 | Swamp:1  | Received a gift from Okawaru
 28937 | Swamp:1  | 28937 ||| Stepping ~*~*~tactically~*~*~ (hiding).
 28940 | Swamp:1  | 28940 ||| INVOKING Heroism.
 28946 | Swamp:1  | Reached skill level 16 in Shields
 29081 | Swamp:1  | 29081 ||| Stepping ~*~*~tactically~*~*~ (stealth).
 29082 | Swamp:1  | 29082 ||| Stepping ~*~*~tactically~*~*~ (stealth).
 29083 | Swamp:1  | 29083 ||| Stepping ~*~*~tactically~*~*~ (stealth).
 29282 | Swamp:1  | 29282 ||| INVOKING Heroism.
 29286 | Swamp:1  | 29286 ||| SWAPPING to +2 war axe of flaming.
 29292 | Swamp:1  | 29292 ||| SWAPPING to +9 broad axe of Overwhelming Force
                  | {heavy, Dex+6}.
 29294 | Swamp:1  | 29294 ||| SWAPPING to +2 war axe of flaming.
 29298 | Swamp:1  | 29298 ||| SWAPPING to +9 broad axe of Overwhelming Force
                  | {heavy, Dex+6}.
 29636 | Swamp:1  | 29636 ||| Stepping ~*~*~tactically~*~*~ (stealth).
 29641 | Swamp:1  | 29641 ||| FLEEEEING.
 29837 | Swamp:1  | 29837 ||| Stepping ~*~*~tactically~*~*~ (hiding).
 29945 | Swamp:1  | You are sucked into a shaft and drop 1 floor!
 29967 | Swamp:2  | 29967 ||| INVOKING Heroism.
 29970 | Swamp:2  | 29970 ||| SWAPPING to +2 war axe of flaming.
 29976 | Swamp:2  | Reached skill level 17 in Shields
 29976 | Swamp:2  | 29976 ||| SWAPPING to +9 broad axe of Overwhelming Force
                  | {heavy, Dex+6}.
 30043 | Swamp:2  | 30043 ||| Stepping ~*~*~tactically~*~*~ (hiding).
 30114 | Swamp:2  | 30114 ||| INVOKING Heroism.
 30130 | Swamp:2  | Received a gift from Okawaru
 30146 | Swamp:2  | 30146 ||| DROPPING +1 helmet.
 30214 | Swamp:2  | 30214 ||| Stepping ~*~*~tactically~*~*~ (hiding).
 30217 | Swamp:2  | 30217 ||| Stepping ~*~*~tactically~*~*~ (hiding).
 30356 | Swamp:2  | 30356 ||| Stepping ~*~*~tactically~*~*~ (hiding).
 30357 | Swamp:2  | 30357 ||| Stepping ~*~*~tactically~*~*~ (hiding).
 30476 | Swamp:2  | 30476 ||| Stepping ~*~*~tactically~*~*~ (hiding).
 30478 | Swamp:2  | 30478 ||| INVOKING Heroism.
 30523 | Swamp:2  | Reached skill level 6 in Throwing
 30550 | Swamp:2  | 30550 ||| Stepping ~*~*~tactically~*~*~ (hiding).
 30556 | Swamp:2  | 30556 ||| INVOKING Heroism.
 30558 | Swamp:2  | 30558 ||| Stepping ~*~*~tactically~*~*~ (hiding).
 30561 | Swamp:2  | 30561 ||| SWAPPING to +2 war axe of flaming.
 30564 | Swamp:2  | 30564 ||| SWAPPING to +9 broad axe of Overwhelming Force
                  | {heavy, Dex+6}.
 30847 | Swamp:3  | 30847 ||| Stepping ~*~*~tactically~*~*~ (hiding).
 30925 | Swamp:3  | Noticed Nikola
 30926 | Swamp:3  | 30926 ||| INVOKING Heroism.
 30927 | Swamp:3  | 30927 ||| Stepping ~*~*~tactically~*~*~ (hiding).
 30929 | Swamp:3  | 30929 ||| Stepping ~*~*~tactically~*~*~ (hiding).
 30930 | Swamp:3  | 30930 ||| Stepping ~*~*~tactically~*~*~ (hiding).
 30931 | Swamp:3  | 30931 ||| INVOKING Finesse.
 30939 | Swamp:3  | Killed Nikola
 31038 | Swamp:3  | 31038 ||| INVOKING Heroism.
 31424 | Swamp:3  | 31424 ||| PLANNING SNAKE:4
 31424 | Swamp:3  | 31424 ||| UPGRADING to +1 cloak of preservation.
 31429 | Swamp:3  | 31429 ||| READING scroll of enchant armour.
 31429 | Swamp:3  | 31429 ||| ENCHANTING +1 cloak of preservation.
 31606 | Snake:4  | Entered Level 4 of the Snake Pit
 31625 | Snake:4  | 31625 ||| Stepping ~*~*~tactically~*~*~ (hiding).
 31636 | Snake:4  | 31636 ||| Stepping ~*~*~tactically~*~*~ (stealth).
 31638 | Snake:4  | 31638 ||| Stepping ~*~*~tactically~*~*~ (hiding).
 31731 | Snake:4  | 31731 ||| INVOKING Heroism.
 31787 | Snake:4  | 31787 ||| INVOKING Heroism.
 31804 | Snake:4  | Received a gift from Okawaru
 31924 | Snake:4  | 31924 ||| Stepping ~*~*~tactically~*~*~ (hiding).
 31955 | Snake:4  | Found Areg Dec's Antique Weapon Emporium.
 31957 | Snake:4  | Found Kur Isy's Assorted Antiques.
 31965 | Snake:4  | Found Bast's Antique Armour Emporium.
 31980 | Snake:4  | 31980 ||| BUYING 2 potions of mutation (528 gold).
 31980 | Snake:4  | Bought 2 potions of mutation for 528 gold pieces
 31980 | Snake:4  | 31980 ||| BUYING potion of heal wounds (165 gold).
 31980 | Snake:4  | Bought a potion of heal wounds for 165 gold pieces
 31982 | Snake:4  | 31982 ||| SHOPLISTING glowing plate armour (1118 gold, have
                  | 67).
 31982 | Snake:4  | 31982 ||| SHOPLISTING transparent plate armour (1204 gold,
                  | have 67).
 32003 | Snake:4  | 32003 ||| Stepping ~*~*~tactically~*~*~ (stealth).
 32056 | Snake:4  | 32056 ||| Stepping ~*~*~tactically~*~*~ (stealth).
 32059 | Snake:4  | 32059 ||| Stepping ~*~*~tactically~*~*~ (stealth).
 32095 | Snake:4  | Identified the +3 cloak of Xed Ydakesso {Harm Rampage rPois
                  | Slay-2} (Okawaru gifted it to you on level 4 of the Snake
                  | Pit)
 32095 | Snake:4  | Received a gift from Okawaru
 32320 | Snake:4  | 32320 ||| INVOKING Heroism.
 32338 | Snake:4  | 32338 ||| Stepping ~*~*~tactically~*~*~ (hiding).
 32343 | Snake:4  | 32343 ||| Stepping ~*~*~tactically~*~*~ (hiding).
 32351 | Snake:4  | Reached skill level 18 in Axes
 32351 | Snake:4  | Reached XP level 18. HP: 94/114 MP: 25/25
 32401 | Snake:4  | 32401 ||| DROPPING +2 war axe of flaming.
 32474 | Snake:4  | 32474 ||| Stepping ~*~*~tactically~*~*~ (hiding).
 32482 | Snake:4  | 32482 ||| Stepping ~*~*~tactically~*~*~ (hiding).
 32597 | Snake:4  | 32597 ||| Stepping ~*~*~tactically~*~*~ (hiding).
 32598 | Snake:4  | 32598 ||| Stepping ~*~*~tactically~*~*~ (hiding).
 32614 | Snake:4  | 32614 ||| Stepping ~*~*~tactically~*~*~ (hiding).
 32617 | Snake:4  | 32617 ||| INVOKING Heroism.
 32637 | Snake:4  | 32637 ||| Stepping ~*~*~tactically~*~*~ (stealth).
 32638 | Snake:4  | 32638 ||| Stepping ~*~*~tactically~*~*~ (stealth).
 32639 | Snake:4  | 32639 ||| Stepping ~*~*~tactically~*~*~ (stealth).
 32704 | Snake:4  | 32704 ||| INVOKING Heroism.
 32726 | Snake:4  | 32726 ||| FLEEEEING.
 32727 | Snake:4  | 32727 ||| FLEEEEING.
 32728 | Snake:4  | 32728 ||| FLEEEEING.
 32729 | Snake:4  | 32729 ||| FLEEEEING.
 32730 | Snake:4  | 32730 ||| FLEEEEING.
 32731 | Snake:4  | 32731 ||| FLEEEEING.
 32747 | Snake:4  | 32747 ||| INVOKING Heroism.
 32787 | Snake:4  | 32787 ||| Stepping ~*~*~tactically~*~*~ (hiding).
 32931 | Snake:4  | 32931 ||| Stepping ~*~*~tactically~*~*~ (hiding).
 32944 | Snake:4  | 32944 ||| INVOKING Heroism.
 33012 | Snake:4  | Got a serpentine rune of Zot
 33038 | Snake:4  | 33038 ||| Stepping ~*~*~tactically~*~*~ (hiding).
 33041 | Snake:4  | 33041 ||| Stepping ~*~*~tactically~*~*~ (hiding).
 33495 | Snake:4  | 33495 ||| PLANNING VAULTS:1-4
 33495 | Snake:4  | 33495 ||| DROPPING +3 cloak of Xed Ydakesso {Harm Rampage
                  | rPois Slay-2}.
 33496 | Snake:4  | 33496 ||| UPGRADING to ring "Runarete" {Fly rC- rN+ Will+
                  | SInv}.
 33770 | Vaults:1 | Entered Level 1 of the Vaults
 33798 | Vaults:1 | Reached skill level 18 in Shields
 33845 | Vaults:1 | 33845 ||| Stepping ~*~*~tactically~*~*~ (hiding).
 33846 | Vaults:1 | 33846 ||| Stepping ~*~*~tactically~*~*~ (hiding).
 33851 | Vaults:1 | 33851 ||| INVOKING Heroism.
 33989 | Vaults:1 | 33989 ||| Stepping ~*~*~tactically~*~*~ (hiding).
 33990 | Vaults:1 | 33990 ||| Stepping ~*~*~tactically~*~*~ (hiding).
 33992 | Vaults:1 | 33992 ||| Stepping ~*~*~tactically~*~*~ (hiding).
 34093 | Vaults:1 | 34093 ||| FLEEEEING.
 34094 | Vaults:1 | 34094 ||| FLEEEEING.
 34095 | Vaults:1 | 34095 ||| FLEEEEING.
 34096 | Vaults:1 | 34096 ||| FLEEEEING.
 34097 | Vaults:1 | 34097 ||| FLEEEEING.
 34098 | Vaults:1 | 34098 ||| FLEEEEING.
 34099 | Vaults:1 | 34099 ||| FLEEEEING.
 34100 | Vaults:1 | 34100 ||| FLEEEEING.
 34101 | Vaults:1 | 34101 ||| FLEEEEING.
 34102 | Vaults:1 | 34102 ||| FLEEEEING.
 34108 | Vaults:1 | 34108 ||| FLEEEEING.
 34109 | Vaults:1 | 34109 ||| FLEEEEING.
 34110 | Vaults:1 | 34110 ||| FLEEEEING.
 34111 | Vaults:1 | 34111 ||| FLEEEEING.
 34112 | Vaults:1 | 34112 ||| FLEEEEING.
 34113 | Vaults:1 | 34113 ||| FLEEEEING.
 34114 | Vaults:1 | 34114 ||| FLEEEEING.
 34115 | Vaults:1 | 34115 ||| FLEEEEING.
 34116 | Vaults:1 | 34116 ||| FLEEEEING.
 34117 | Vaults:1 | 34117 ||| FLEEEEING.
 34118 | Vaults:1 | 34118 ||| FLEEEEING.
 34119 | Vaults:1 | 34119 ||| FLEEEEING.
 34120 | Vaults:1 | 34120 ||| FLEEEEING.
 34121 | Vaults:1 | 34121 ||| FLEEEEING.
 34122 | Vaults:1 | 34122 ||| FLEEEEING.
 34123 | Vaults:1 | 34123 ||| FLEEEEING.
 34124 | Vaults:1 | 34124 ||| FLEEEEING.
 34125 | Vaults:1 | 34125 ||| FLEEEEING.
 34126 | Vaults:1 | 34126 ||| FLEEEEING.
 34127 | Vaults:1 | 34127 ||| FLEEEEING.
 34128 | Vaults:1 | 34128 ||| FLEEEEING.
 34129 | Vaults:1 | 34129 ||| FLEEEEING.
 34293 | Vaults:1 | 34293 ||| Stepping ~*~*~tactically~*~*~ (hiding).
 34318 | Vaults:1 | 34318 ||| INVOKING Heroism.
 34463 | Vaults:1 | Received a gift from Okawaru
 34501 | Vaults:1 | 34501 ||| Stepping ~*~*~tactically~*~*~ (stealth).
 34503 | Vaults:1 | 34503 ||| Stepping ~*~*~tactically~*~*~ (stealth).
 34546 | Vaults:1 | 34546 ||| FLEEEEING.
 34547 | Vaults:1 | 34547 ||| FLEEEEING.
 34550 | Vaults:1 | 34550 ||| FLEEEEING.
 34551 | Vaults:1 | 34551 ||| FLEEEEING.
 34552 | Vaults:1 | 34552 ||| FLEEEEING.
 34553 | Vaults:1 | 34553 ||| FLEEEEING.
 34554 | Vaults:1 | 34554 ||| FLEEEEING.
 34560 | Vaults:1 | 34560 ||| FLEEEEING.
 34561 | Vaults:1 | 34561 ||| FLEEEEING.
 34562 | Vaults:1 | 34562 ||| FLEEEEING.
 34563 | Vaults:1 | 34563 ||| FLEEEEING.
 34564 | Vaults:1 | 34564 ||| FLEEEEING.
 34565 | Vaults:1 | 34565 ||| FLEEEEING.
 34566 | Vaults:1 | 34566 ||| FLEEEEING.
 34567 | Vaults:1 | 34567 ||| FLEEEEING.
 34568 | Vaults:1 | 34568 ||| FLEEEEING.
 34569 | Vaults:1 | 34569 ||| FLEEEEING.
 34570 | Vaults:1 | 34570 ||| FLEEEEING.
 34571 | Vaults:1 | 34571 ||| FLEEEEING.
 34572 | Vaults:1 | 34572 ||| FLEEEEING.
 34573 | Vaults:1 | 34573 ||| FLEEEEING.
 34574 | Vaults:1 | 34574 ||| FLEEEEING.
 34575 | Vaults:1 | 34575 ||| FLEEEEING.
 34576 | Vaults:1 | 34576 ||| FLEEEEING.
 34577 | Vaults:1 | 34577 ||| FLEEEEING.
 34578 | Vaults:1 | 34578 ||| FLEEEEING.
 34579 | Vaults:1 | 34579 ||| FLEEEEING.
 34580 | Vaults:1 | 34580 ||| FLEEEEING.
 34581 | Vaults:1 | 34581 ||| FLEEEEING.
 34587 | Vaults:1 | 34587 ||| FLEEEEING.
 34588 | Vaults:1 | 34588 ||| FLEEEEING.
 34589 | Vaults:1 | 34589 ||| FLEEEEING.
 34590 | Vaults:1 | 34590 ||| FLEEEEING.
 34591 | Vaults:1 | 34591 ||| FLEEEEING.
 34592 | Vaults:1 | 34592 ||| FLEEEEING.
 34593 | Vaults:1 | 34593 ||| FLEEEEING.
 34594 | Vaults:1 | 34594 ||| FLEEEEING.
 34595 | Vaults:1 | 34595 ||| FLEEEEING.
 34596 | Vaults:1 | 34596 ||| FLEEEEING.
 34597 | Vaults:1 | 34597 ||| FLEEEEING.
 34598 | Vaults:1 | 34598 ||| FLEEEEING.
 34599 | Vaults:1 | 34599 ||| FLEEEEING.
 34600 | Vaults:1 | 34600 ||| FLEEEEING.
 34601 | Vaults:1 | 34601 ||| FLEEEEING.
 34602 | Vaults:1 | 34602 ||| FLEEEEING.
 34603 | Vaults:1 | 34603 ||| FLEEEEING.
 34604 | Vaults:1 | 34604 ||| FLEEEEING.
 34605 | Vaults:1 | 34605 ||| FLEEEEING.
 34606 | Vaults:1 | 34606 ||| FLEEEEING.
 34607 | Vaults:1 | 34607 ||| FLEEEEING.
 34608 | Vaults:1 | 34608 ||| FLEEEEING.
 34609 | Vaults:1 | 34609 ||| FLEEEEING.
 34610 | Vaults:1 | 34610 ||| FLEEEEING.
 34611 | Vaults:1 | 34611 ||| FLEEEEING.
 34612 | Vaults:1 | 34612 ||| FLEEEEING.
 34613 | Vaults:1 | 34613 ||| FLEEEEING.
 34614 | Vaults:1 | 34614 ||| FLEEEEING.
 34615 | Vaults:1 | 34615 ||| FLEEEEING.
 34616 | Vaults:1 | 34616 ||| FLEEEEING.
 34617 | Vaults:1 | 34617 ||| FLEEEEING.
 34618 | Vaults:1 | 34618 ||| FLEEEEING.
 34619 | Vaults:1 | 34619 ||| FLEEEEING.
 34620 | Vaults:1 | 34620 ||| FLEEEEING.
 34621 | Vaults:1 | 34621 ||| FLEEEEING.
 34622 | Vaults:1 | 34622 ||| FLEEEEING.
 34623 | Vaults:1 | 34623 ||| FLEEEEING.
 34624 | Vaults:1 | 34624 ||| FLEEEEING.
 34625 | Vaults:1 | 34625 ||| FLEEEEING.
 34626 | Vaults:1 | 34626 ||| FLEEEEING.
 34627 | Vaults:1 | 34627 ||| FLEEEEING.
 34628 | Vaults:1 | 34628 ||| FLEEEEING.
 34629 | Vaults:1 | 34629 ||| FLEEEEING.
 34653 | Vaults:1 | Reached skill level 15 in Fighting
 34936 | Vaults:1 | 34936 ||| Stepping ~*~*~tactically~*~*~ (hiding).
 35196 | Vaults:1 | Identified the ring "Xirelips" {*Slow Fly rF+++ MP+9 Int+3}
 35355 | Vaults:2 | 35355 ||| PLANNING DESOLATION
 35403 | Vaults:2 | 35403 ||| Stepping ~*~*~tactically~*~*~ (hiding).
 35411 | Vaults:2 | 35411 ||| Stepping ~*~*~tactically~*~*~ (hiding).
 35412 | Vaults:2 | 35412 ||| Stepping ~*~*~tactically~*~*~ (hiding).
 35524 | Vaults:2 | 35524 ||| Stepping ~*~*~tactically~*~*~ (hiding).
 35526 | Vaults:2 | 35526 ||| FLEEEEING.
 35527 | Vaults:2 | 35527 ||| FLEEEEING.
 35528 | Vaults:2 | 35528 ||| FLEEEEING.
 35529 | Vaults:2 | 35529 ||| FLEEEEING.
 35530 | Vaults:2 | 35530 ||| FLEEEEING.
 35535 | Vaults:2 | 35535 ||| STAIRDANCE
 35577 | Vaults:1 | 35577 ||| UPGRADING to ring "Zulealuf" {rPois Will- Str+3
                  | SInv}.
 35579 | Vaults:1 | 35579 ||| UPGRADING to ring "Xirelips" {*Slow Fly rF+++
                  | MP+9 Int+3}.
 35620 | Vaults:2 | 35620 ||| STAIRDANCE
 35697 | Vaults:2 | 35697 ||| Stepping ~*~*~tactically~*~*~ (hiding).
 35950 | Vaults:2 | 35950 ||| Stepping ~*~*~tactically~*~*~ (hiding).
 35963 | Vaults:2 | 35963 ||| Stepping ~*~*~tactically~*~*~ (hiding).
 35967 | Vaults:2 | 35967 ||| Stepping ~*~*~tactically~*~*~ (stealth).
 36124 | Vaults:2 | 36124 ||| INVOKING Heroism.
 36125 | Vaults:2 | 36125 ||| INVOKING Finesse.
 36178 | Vaults:2 | 36178 ||| RIP DESOLATION
 36179 | Vaults:2 | 36179 ||| PLANNING VAULTS:1-4
 36184 | Vaults:2 | 36184 ||| FLEEEEING.
 36185 | Vaults:2 | 36185 ||| FLEEEEING.
 36192 | Vaults:2 | 36192 ||| INVOKING Heroism.
 36195 | Vaults:2 | 36195 ||| FLEEEEING.
 36196 | Vaults:2 | 36196 ||| FLEEEEING.
 36197 | Vaults:2 | 36197 ||| FLEEEEING.
 36198 | Vaults:2 | 36198 ||| FLEEEEING.
 36200 | Vaults:2 | 36200 ||| FLEEEEING.
 36202 | Vaults:2 | 36202 ||| FLEEEEING.
 36204 | Vaults:2 | 36204 ||| FLEEEEING.
 36471 | Vaults:2 | 36471 ||| Stepping ~*~*~tactically~*~*~ (hiding).
 36562 | Vaults:2 | 36562 ||| Stepping ~*~*~tactically~*~*~ (hiding).
 36568 | Vaults:2 | 36568 ||| INVOKING Heroism.
 36571 | Vaults:2 | Identified the +1 robe of the Gloaming {rC+ Dex+6} (Okawaru
                  | gifted it to you on level 2 of the Vaults)
 36571 | Vaults:2 | Received a gift from Okawaru
 36779 | Vaults:2 | Reached XP level 19. HP: 124/124 MP: 26/26
 36917 | Vaults:2 | Reached skill level 15 in Armour
 37122 | Vaults:2 | Paralysed by a great orb of eyes for 5 turns
 37141 | Vaults:2 | Reached skill level 6 in Dodging
 37361 | Vaults:2 | Found a staircase to the Crypt.
 37593 | Vaults:2 | 37593 ||| UPGRADING to ring "Runarete" {Fly rC- rN+ Will+
                  | SInv}.
 37673 | Vaults:3 | 37673 ||| Stepping ~*~*~tactically~*~*~ (hiding).
 37759 | Vaults:3 | 37759 ||| INVOKING Heroism.
 37769 | Vaults:3 | 37769 ||| INVOKING Finesse.
 38187 | Vaults:3 | 38187 ||| Stepping ~*~*~tactically~*~*~ (stealth).
 38219 | Vaults:3 | 38219 ||| Stepping ~*~*~tactically~*~*~ (stealth).
 38236 | Vaults:3 | Reached skill level 19 in Shields
 38473 | Vaults:3 | 38473 ||| Stepping ~*~*~tactically~*~*~ (hiding).
 38475 | Vaults:3 | 38475 ||| Stepping ~*~*~tactically~*~*~ (hiding).
 38489 | Vaults:3 | 38489 ||| Stepping ~*~*~tactically~*~*~ (hiding).
 38490 | Vaults:3 | 38490 ||| Stepping ~*~*~tactically~*~*~ (hiding).
 38685 | Vaults:3 | 38685 ||| INVOKING Heroism.
 38686 | Vaults:3 | 38686 ||| INVOKING Finesse.
 38687 | Vaults:3 | Received a gift from Okawaru
 38846 | Vaults:3 | 38846 ||| INVOKING Heroism.
 38847 | Vaults:3 | 38847 ||| INVOKING Finesse.
 38960 | Vaults:3 | 38960 ||| Stepping ~*~*~tactically~*~*~ (hiding).
 39076 | Vaults:3 | 39076 ||| Stepping ~*~*~tactically~*~*~ (hiding).
 39077 | Vaults:3 | 39077 ||| Stepping ~*~*~tactically~*~*~ (hiding).
 39119 | Vaults:3 | Identified the staff "Giantslayer" {rF+ Str+6 Fire}
 39122 | Vaults:3 | 39122 ||| Stepping ~*~*~tactically~*~*~ (stealth).
 39125 | Vaults:3 | 39125 ||| INVOKING Heroism.
 39135 | Vaults:3 | 39135 ||| INVOKING Finesse.
 39448 | Vaults:4 | 39448 ||| Stepping ~*~*~tactically~*~*~ (stealth).
 39449 | Vaults:4 | 39449 ||| Stepping ~*~*~tactically~*~*~ (stealth).
 39687 | Vaults:4 | 39687 ||| Stepping ~*~*~tactically~*~*~ (hiding).
 39690 | Vaults:4 | 39690 ||| Stepping ~*~*~tactically~*~*~ (hiding).
 39691 | Vaults:4 | 39691 ||| Stepping ~*~*~tactically~*~*~ (hiding).
 39695 | Vaults:4 | 39695 ||| DRINKING 11 potions of curing.
 39695 | Vaults:4 | 39695 ||| (to cure confusion)
 39699 | Vaults:4 | 39699 ||| FLEEEEING.
 39700 | Vaults:4 | 39700 ||| FLEEEEING.
 39707 | Vaults:4 | 39707 ||| INVOKING Heroism.
 39872 | Vaults:4 | 39872 ||| Stepping ~*~*~tactically~*~*~ (stealth).
 39883 | Vaults:4 | 39883 ||| INVOKING Heroism.
 39892 | Vaults:4 | Reached XP level 20. HP: 94/134 MP: 27/27
 40066 | Vaults:4 | 40066 ||| INVOKING Heroism.
 40070 | Vaults:4 | Received a gift from Okawaru
 40254 | Vaults:4 | 40254 ||| Stepping ~*~*~tactically~*~*~ (hiding).
 40258 | Vaults:4 | 40258 ||| INVOKING Heroism.
 40260 | Vaults:4 | 40260 ||| INVOKING Finesse.
 40299 | Vaults:4 | Identified the amulet of Esell {Spirit rC+ rN+ Int+3}
 40374 | Vaults:4 | 40374 ||| INVOKING Heroism.
 40395 | Vaults:4 | Received a gift from Okawaru
 40418 | Vaults:4 | 40418 ||| INVOKING Heroism.
 40765 | Vaults:4 | 40765 ||| Stepping ~*~*~tactically~*~*~ (hiding).
 41014 | Vaults:4 | 41014 ||| Stepping ~*~*~tactically~*~*~ (hiding).
 41035 | Vaults:4 | 41035 ||| Stepping ~*~*~tactically~*~*~ (hiding).
 41120 | Vaults:4 | Found Kooh's Distillery.
 41128 | Vaults:4 | 41128 ||| BUYING 2 potions of curing (114 gold).
 41128 | Vaults:4 | Bought 2 potions of curing for 114 gold pieces
 41128 | Vaults:4 | 41128 ||| BUYING potion of attraction (57 gold).
 41128 | Vaults:4 | Bought a potion of attraction for 57 gold pieces
 41128 | Vaults:4 | 41128 ||| BUYING potion of cancellation (152 gold).
 41128 | Vaults:4 | Bought a potion of cancellation for 152 gold pieces
 41128 | Vaults:4 | 41128 ||| BUYING potion of curing (57 gold).
 41128 | Vaults:4 | Bought a potion of curing for 57 gold pieces
 41128 | Vaults:4 | 41128 ||| BUYING potion of curing (57 gold).
 41128 | Vaults:4 | Bought a potion of curing for 57 gold pieces
 41128 | Vaults:4 | 41128 ||| BUYING potion of haste (190 gold).
 41128 | Vaults:4 | Bought a potion of haste for 190 gold pieces
 41128 | Vaults:4 | 41128 ||| SHOPLISTING potion of heal wounds (95 gold, have
                  | 47).
 41288 | Vaults:4 | 41288 ||| PLANNING SWAMP:4
 41288 | Vaults:4 | 41288 ||| DROPPING +0 pair of boots of flying.
 41289 | Vaults:4 | 41289 ||| UPGRADING to ring "Zulealuf" {rPois Will- Str+3
                  | SInv}.
 41633 | Swamp:4  | Entered Level 4 of the Swamp
 41743 | Swamp:4  | 41743 ||| Stepping ~*~*~tactically~*~*~ (stealth).
 41808 | Swamp:4  | Identified a scroll of acquirement
 41824 | Swamp:4  | 41824 ||| READING scroll of acquirement.
 41824 | Swamp:4  | 41824 ||| ACQUIRING ring of willpower
 41824 | Swamp:4  | Acquired a ring of willpower
 41982 | Swamp:4  | 41982 ||| Stepping ~*~*~tactically~*~*~ (stealth).
 41983 | Swamp:4  | 41983 ||| Stepping ~*~*~tactically~*~*~ (stealth).
 42032 | Swamp:4  | 42032 ||| Stepping ~*~*~tactically~*~*~ (stealth).
 42033 | Swamp:4  | 42033 ||| Stepping ~*~*~tactically~*~*~ (stealth).
 42077 | Swamp:4  | 42077 ||| INVOKING Heroism.
 42078 | Swamp:4  | 42078 ||| INVOKING Finesse.
 42125 | Swamp:4  | 42125 ||| Stepping ~*~*~tactically~*~*~ (stealth).
 42169 | Swamp:4  | Got a decaying rune of Zot
 42176 | Swamp:4  | 42176 ||| INVOKING Heroism.
 42182 | Swamp:4  | Reached skill level 18 in Fighting
 42266 | Swamp:4  | 42266 ||| Stepping ~*~*~tactically~*~*~ (stealth).
 42267 | Swamp:4  | 42267 ||| Stepping ~*~*~tactically~*~*~ (stealth).
 42268 | Swamp:4  | 42268 ||| Stepping ~*~*~tactically~*~*~ (stealth).
 42274 | Swamp:4  | 42274 ||| Stepping ~*~*~tactically~*~*~ (stealth).
 42282 | Swamp:4  | 42282 ||| Stepping ~*~*~tactically~*~*~ (stealth).
 42284 | Swamp:4  | 42284 ||| Stepping ~*~*~tactically~*~*~ (stealth).
 42319 | Swamp:4  | 42319 ||| FLEEEEING.
 42320 | Swamp:4  | 42320 ||| FLEEEEING.
 42327 | Swamp:4  | 42327 ||| FLEEEEING.
 42328 | Swamp:4  | 42328 ||| FLEEEEING.
 42331 | Swamp:4  | Received a gift from Okawaru
 42423 | Swamp:4  | 42423 ||| Stepping ~*~*~tactically~*~*~ (stealth).
 42475 | Swamp:4  | 42475 ||| Stepping ~*~*~tactically~*~*~ (stealth).
 42477 | Swamp:4  | 42477 ||| Stepping ~*~*~tactically~*~*~ (hiding).
 42625 | Swamp:4  | Noticed Donald
 42635 | Swamp:4  | Killed Donald
 42697 | Swamp:4  | 42697 ||| Stepping ~*~*~tactically~*~*~ (hiding).
 42890 | Swamp:4  | 42890 ||| PLANNING DEPTHS
 42890 | Swamp:4  | 42890 ||| READING 23 scrolls of identify.
 42890 | Swamp:4  | 42890 ||| IDENTIFYING pink potion
 43107 | Depths:1 | Entered Level 1 of the Depths
 43119 | Depths:1 | Found a one-way gate to the infinite horrors of the Abyss.
 43125 | Depths:1 | 43125 ||| INVOKING Heroism.
 43137 | Depths:1 | Received a gift from Okawaru
 43141 | Depths:1 | HP: 28/134 [tengu reaver/bolt of negative energy (7)]
 43142 | Depths:1 | 43142 ||| READING 2 scrolls of teleportation.
 43142 | Depths:1 | HP: 13/135 [ettin/+0 dire flail (9)]
 43143 | Depths:1 | 43143 ||| DRINKING 3 potions of heal wounds.
 43151 | Depths:1 | HP: 22/135 [white very ugly thing (16)]
 43151 | Depths:1 | HP: 3/135 [white very ugly thing (19)]
 43151 | Depths:1 | Mangled by a tengu warrior

Levels and vault maps discovered:
D:1:      ncdulo_halloftheorcs, layout_basic
D:2:      layout_basic
D:3:      gammafunk_wand_slinger, layout_loops_ring, minitemple,
          kennysheep_boxes, uniq_natasha
D:4:      corexii_shantytown, layout_cave_pools, nicolae_ossuary_entry_ruins
D:5:      layout_gridville, nicolae_dithmenos_the_darkroom
D:6:      layout_loops_ring, minmay_temple_entry_junction
D:7:      layout_cave_pools, serial_shops, shop, kennysheep_mini_moat,
          nicolae_shop_advertising_works [nicolae_subvault_shop_adworks],
          chequers_serial_rivers_large_a, kennysheep_nondescript
D:8:      layout_loops_ring, okawaru_metal_pillars_1_2, enter_bailey_4,
          minmay_misc_feat_chi, uniq_pikel, uniq_erica
D:9:      kennysheep_seaside_town, layout_basic, lair_entry_dummy,
          hangedman_abyss_or_decor_clamps, roderic_batcave,
          nicolae_shop_overcharged_wands
D:10:     layout_roguey, david_orc_2, serial_aquarium, aquarium_bridge_straight
          [aquarium_subvault_bridge, aquarium_subvault_wall,
          aquarium_subvault_bridge, aquarium_subvault_window],
          aquarium_bridge_square [aquarium_subvault_wall,
          aquarium_subvault_bridge, aquarium_subvault_wall,
          aquarium_subvault_bridge], aquarium_window_corner,
          aquarium_window_fake, aquarium_view_2e, aquarium_view_2c,
          aquarium_balcony_3b
D:11:     layout_rooms
D:12:     layout_basic, serial_shops, shop, minivault_7, uniq_fannar
D:13:     layout_roguey, grunt_vaults_entry_fortified
D:14:     layout_stronghold, serial_bayou_pond_c, serial_shops, shop
D:15:     grunt_enter_depths_giant_problem, layout_layer_cave,
          serial_park_square2, uniq_josephine
Temple:   eino_wide_crystal_templ
Lair:1:   layout_regular_city, gammafunk_ghost_arena, patterned_corridor
Lair:2:   layout_regular_city, nicolae_swamp_entry_splash_gauntlet,
          infiniplex_staircase_pool
Lair:3:   layout_loops_ring, minmay_snake_entry_guardpost_small
Lair:4:   layout_loops_ring, portal_ice_cave_entry_pillars_1
Lair:5:   gammafunk_lair_ancient_temple, layout_gridlike,
          nicolae_slime_entry_field_trip, basic_altar, gauntlet_entry_generic
Swamp:1:  layout_falls_marsh, nicolae_swamp_orc_logging_accident, swamp_pool5,
          nicolae_swamp_wisp_ring_woods
Swamp:2:  layout_falls_marsh, evilmike_swamp_ruin_rubble_1
Swamp:3:  layout_falls_marsh, evilmike_swamp_ruin_house_3, uniq_nikola
Swamp:4:  swamp_vile, layout_basic_swamp, nicolae_swamp_super_fun_site,
          uniq_donald
Snake:1:  layout_basic, grunt_megastairs_4
Snake:2:  layout_onion_interference, uniq_louise
Snake:3:  layout_misc_corridors, gammafunk_ghost_abyssal_escape,
          serial_bayou_pond_a, serial_bayou_pond_b, grunt_ministairs_9,
          serial_bayou_shore_a
Snake:4:  grunt_snake_rune_pools, layout_cave_town, minmay_shop_star
Orc:1:    layout_caves, elf_legates
Orc:2:    grunt_orc_tribal_feast, layout_caves, serial_shops, shop
Vaults:1: ontoclasm_vaults_misaligned, v_alt_pattern_4, v_misc_2, v_misc_19,
          nicolae_vaults_tetromino_L_2, layout_vaults_omnigrid
Vaults:2: portal_desolation_entry_nicolae_slug,
          nicolae_vaults_shrinking_rooms_2, nicolae_vaults_surprise_closet,
          nicolae_vaults_little_squares_1, nicolae_vaults_back_hallway,
          nicolae_vaults_sightless_eye, minmay_crypt_entry_simple_corners,
          nicolae_vaults_stairing_the_circle, ontoclasm_vaults_spin, v_misc_33,
          nicolae_vaults_lightning_bolt, nicolae_vaults_diamond_1,
          ontoclasm_vaults_gateway, hangedman_vaults_impose, vaults_dpeg_cross,
          nicolae_vaults_rhombus_5, layout_vaults_ring
Vaults:3: nicolae_vaults_mitosis, vaults_dpeg_doors, nicolae_vaults_triangles,
          v_pattern_5, nicolae_vaults_trapezoid_3, nicolae_vaults_house_1,
          v_alt_pattern_4, nicolae_vaults_steering_wheel,
          ontoclasm_vaults_shuriken, hangedman_vaults_cutoff,
          nicolae_vaults_double_plus_1, nicolae_vaults_trapezoid_lopsided_3,
          layout_vaults_omnicross
Vaults:4: v_misc_2, v_misc_24, ontoclasm_vaults_idyll,
          nicolae_vaults_puzzle_piece, v_misc_1, hangedman_vaults_slice,
          grunt_vaults_twisty, nicolae_vaults_murder_corner,
          vaults_room_corners, nicolae_vaults_trapezoid_layered,
          nicolae_vaults_offset_grid_hallway_3, nicolae_vaults_trapezoid_4,
          ontoclasm_vaults_bender, grunt_vaults_focal, layout_vaults_omnibox,
          serial_shops, shop
Depths:1: layout_gridlike, skrybe_limestone_x, hellmouth_3, abyss_entry,
          hangedman_abyss_or_decor_lesser_grid, grunt_gozag_statues

Skill      XL: |  1  2  3  4  5  6  7  8  9 10 11 12 13 14 15 16 17 18 19 20 |
---------------+-------------------------------------------------------------+-----
Axes           | 2 3 4 5 6 7 8 10 11 12 13 15 16 17 18 | 18.0
Shields        | 4 5 6 7 9 10 11 12 13 15 17 18 19 | 19.8
Fighting       | 4 7 9 10 11 12 13 15 17 18 | 18.0
Throwing       | 1 2 3 4 5 6 7 8 |  8.0
Armour         | 4 6 8 9 10 11 12 13 14 16 17 | 17.3
Dodging        | 1 2 3 4 5 6 7 |  7.0
Invocations    | 4 7 10 | 10.0

Action                     |  1- 3 |  4- 6 |  7- 9 | 10-12 | 13-15 | 16-18 | 19-21 || total
---------------------------+-------+-------+-------+-------+-------+-------+-------++-------
  Melee: War axe           |   102 |   173 |   278 |   316 |       |    15 |       ||   884
         Morningstar       |       |       |       |     6 |    24 |       |       ||    30
         Broad axe         |       |       |       |   169 |  1080 |   864 |   598 ||  2711
         Unarmed           |       |       |       |       |       |    41 |       ||    41
  Throw: Javelin           |       |       |    42 |    47 |   154 |    81 |    39 ||   363
         Boomerang         |       |       |     5 |    53 |    17 |    63 |    63 ||   201
 Invoke: Heroism           |       |       |       |    31 |    34 |    28 |    13 ||   106
         Finesse           |       |       |       |       |     8 |     3 |     6 ||    17
    Use: Scroll            |     4 |    11 |     5 |     4 |     8 |     5 |     3 ||    40
         Potion            |       |     2 |     4 |     1 |     9 |     2 |     2 ||    20
   Stab: Petrified         |       |       |       |       |     4 |       |       ||     4
         Petrifying        |       |       |       |       |     3 |       |       ||     3
         Confused          |       |       |       |       |       |     1 |       ||     1
         Distracted        |       |       |       |       |       |       |     1 ||     1
 Armour: Scale mail        |    35 |       |       |       |       |       |       ||    35
         Chain mail        |    23 |    28 |       |       |       |       |       ||    51
         Plate armour      |       |    67 |   170 |   312 |   485 |   387 |   272 ||  1693
         Skin              |       |       |       |       |       |    13 |       ||    13
  Dodge: Dodged            |    47 |    41 |    77 |   141 |   236 |   243 |   146 ||   931
  Block: Buckler           |    11 |       |       |       |       |       |       ||    11
         Kite shield       |       |    62 |   137 |   440 |   887 |   148 |       ||  1674
         Reflection        |       |       |       |    14 |    51 |   153 |    23 ||   241
         Tower shield      |       |       |       |       |       |   944 |   737 ||  1681
         Other             |       |       |       |       |       |    17 |       ||    17

Table legend:
 A = Non-vault XP
 B = Vault XP
 C = Vault XP percentage of total XP
 D = Non-vault monster count
 E = Vault monster count
 F = Vault count percentage of total count
                 A         B        C        D         E       F
            +---------+---------+-------+---------+---------+-------
      Total |  320007 |  164258 |  33.9 |     817 |     380 |  31.7
            +---------+---------+-------+---------+---------+-------
        D:1 |      39 |       0 |   0.0 |      23 |       0 |   0.0
        D:2 |      44 |       0 |   0.0 |      11 |       0 |   0.0
        D:3 |      83 |      35 |  29.7 |      16 |       1 |   5.9
        D:4 |     249 |      80 |  24.3 |      19 |      27 |  58.7
        D:5 |     941 |       0 |   0.0 |      37 |       0 |   0.0
        D:6 |    1565 |       0 |   0.0 |      22 |       0 |   0.0
        D:7 |     923 |       0 |   0.0 |      17 |       0 |   0.0
        D:8 |     910 |    1580 |  63.5 |      11 |       8 |  42.1
        D:9 |     952 |    1543 |  61.8 |       8 |      31 |  79.5
       D:10 |    1678 |      18 |   1.1 |      16 |       6 |  27.3
       D:11 |    3630 |       0 |   0.0 |      18 |       0 |   0.0
       D:12 |    6219 |    2974 |  32.4 |      14 |      19 |  57.6
       D:13 |    7999 |    7553 |  48.6 |      21 |      10 |  32.3
       D:14 |   11431 |       0 |   0.0 |      26 |       0 |   0.0
       D:15 |    6257 |    2977 |  32.2 |      17 |       6 |  26.1
     Lair:1 |    3533 |       0 |   0.0 |      15 |       0 |   0.0
     Lair:2 |    2641 |    1515 |  36.5 |       8 |       7 |  46.7
     Lair:3 |    7636 |     486 |   6.0 |      25 |       3 |  10.7
     Lair:4 |   13170 |       0 |   0.0 |      36 |       0 |   0.0
     Lair:5 |   16220 |    9128 |  36.0 |      39 |      23 |  37.1
    Swamp:1 |   12502 |    2528 |  16.8 |      19 |       7 |  26.9
    Swamp:2 |   10714 |       0 |   0.0 |      20 |       0 |   0.0
    Swamp:3 |    5456 |    2314 |  29.8 |      12 |       1 |   7.7
    Swamp:4 |   13906 |   23039 |  62.4 |      27 |      34 |  55.7
    Snake:1 |   12796 |    1265 |   9.0 |      24 |       2 |   7.7
    Snake:2 |    7336 |    1165 |  13.7 |      17 |       1 |   5.6
    Snake:3 |   26304 |    3732 |  12.4 |      50 |       7 |  12.3
    Snake:4 |   21641 |   24902 |  53.5 |      41 |      37 |  47.4
      Orc:1 |     907 |    5808 |  86.5 |      15 |      13 |  46.4
      Orc:2 |     990 |    6904 |  87.5 |      20 |      30 |  60.0
   Vaults:1 |   30172 |    2324 |   7.2 |      41 |       4 |   8.9
   Vaults:2 |   20667 |   14803 |  41.7 |      33 |      20 |  37.7
   Vaults:3 |   23143 |   22546 |  49.3 |      41 |      29 |  41.4
   Vaults:4 |   41165 |   20546 |  33.3 |      48 |      25 |  34.2
   Depths:1 |    5736 |    1195 |  17.2 |       8 |       2 |  20.0
    Ossuary |       0 |     158 | 100.0 |       0 |      16 | 100.0
   Gauntlet |     452 |    3140 |  87.4 |       2 |      11 |  84.6
            +---------+---------+-------+---------+---------+-------
